 Dungeon Crawl Stone Soup version 0.22-a0-181-gb22368a (webtiles) character file.

1209436 vishdafish the Slayer (level 27, 0/170 (171) HPs)
             Began as a Demonspawn Fighter on Feb 13, 2018.
             Was the Champion of Yredelemnul.
             Slain by an emperor scorpion (2 damage)
             ... summoned by a greater mummy
             ... on level 1 of the Tomb of the Ancients on Feb 15, 2018.
             The game lasted 12:19:30 (119353 turns).

vishdafish the Slayer (Demonspawn Fighter)        Turns: 119353, Time: 12:19:32

HP:   0/170 (171)   AC: 43    Str: 25      XL:     27
MP:   0/32          EV: 16    Int:  9 (11) God:    Yredelemnul [******]
Gold: 9996          SH: 20    Dex: 17      Spells: 1/52 levels left

rFire    + + +     SeeInvis .   M - +9 double sword (elec)
rCold    + + +     Gourm    .   A - +5 shield
rNeg     + . .     Faith    .   V - +9 scales of the Dragon King {rPois rF+ rC+ MR+}
rPois    +         Spirit   +   (helmet unavailable)
rElec    +         Reflect  .   O - +2 cloak {+Inv}
rCorr    .         Harm     .   u - +1 pair of gloves of Melancholy {rPois rF+ Str+2}
MR       ++++.     Rnd*Rage +   y - +2 pair of boots Stlth ..........Rnd*Tele +
                                S - amulet "Hinly" {Regen+ Int+2}
HPRegen  0.78/turn              D - ring of the Philosopher {rElec rPois rN+ Int+2 Dex+3}
MPRegen  0.46/turn              W - ring of Sif Muna's Displeasure {+Blink rC++ Str+4}

@: about to teleport, berserk cooldown, very slightly contaminated, slowed,
drained, very slow
A: horns 3, talons 1, thin metallic scales 3, berserk 3, clumsy 2, deformed
body, deterioration 2, dopey 2, fire resistance 1, frail 3, low mp 2, magic
resistance 1, screaming 3, shaggy fur 1, spiny 3, teleportitis 3, weak 2,
augmentation 3, magic shield, magic regeneration, magic link, no potion heal 3,
subdued magic 1, MP-powered wands
}: 11/15 runes: serpentine, barnacled, slimy, silver, obsidian, abyssal,
demonic, glowing, magical, fiery, dark
a: Recall Undead Slaves, Injury Mirror, Animate Dead, Drain Life, Enslave Soul,
Renounce Religion, Evoke Blink, Evoke Invisibility


You were on level 1 of the Tomb of the Ancients.
You worshipped Yredelemnul.
Yredelemnul was exalted by your worship.
You were not hungry.

You visited 15 branches of the dungeon, and saw 68 of its levels.
You visited Pandemonium 1 time, and saw 12 of its levels.
You visited the Abyss 5 times.
You visited 1 ziggurat, and saw 8 of its levels.
You also visited: Trove, Ice Cave and Volcano.

You collected 13443 gold pieces.
You spent 3447 gold pieces at shops.

Inventory:

Hand Weapons
 c - the +6 sword of Cerebov {flame}
   (You found it in Pandemonium)

   It has been specially enchanted to burn those struck by it, causing extra
   injury to most foes and up to half again as much damage against particularly
   susceptible opponents.
   Big, fiery blades are also staple armaments of hydra-hunters.
 M - a +9 double sword of electrocution (weapon)
Missiles
 n - 5 throwing nets (quivered)
Armour
 u - the +1 pair of gloves of Melancholy (worn) {rPois rF+ Str+2}
   (You found it on level 5 of the Dungeon)

   It affects your strength (+2).
   It protects you from fire.
   It protects you from poison.
 y - a +2 pair of boots (worn)
 A - a +5 shield (worn)
 N - the +6 fire dragon scales of the Duchess {rElec rF++ rC- rN+ rCorr}
   (You found it on level 7 of a ziggurat)

   It greatly protects you from fire.
   It makes you vulnerable to cold.
   It insulates you from electricity.
   It protects you from negative energy.
   It protects you from acid and corrosion.
 O - a +2 cloak of invisibility (worn)
 V - the +9 scales of the Dragon King (worn) {rPois rF+ rC+ MR+}
   (You took it off a spriggan on level 2 of the Depths)

   It protects you from fire.
   It protects you from cold.
   It protects you from poison.
   It affects your resistance to hostile enchantments.
Jewellery
 D - the ring of the Philosopher (left hand) {rElec rPois rN+ Int+2 Dex+3}
   (You took it off a skeletal warrior on level 3 of the Crypt)

   [ring of positive energy]

   It affects your intelligence (+2).
   It affects your dexterity (+3).
   It insulates you from electricity.
   It protects you from poison.
   It protects you from negative energy.
 F - a +5 amulet of reflection
 S - the amulet "Hinly" (around neck) {Regen+ Int+2}
   (You found it on level 2 of a ziggurat)

   [amulet of regeneration]

   It affects your intelligence (+2).
   It increases your rate of regeneration.
 W - the ring of Sif Muna's Displeasure (right hand) {+Blink rC++ Str+4}
   (You found it on level 2 of the Abyss)

   [ring of strength]

   It affects your strength (+4).
   It greatly protects you from cold.
   It lets you blink.
Wands
 v - a wand of iceblast (29)
 z - a wand of disintegration (66)
 B - a wand of flame (42)
 E - a wand of random effects (153)
 H - a wand of digging (22)
 J - a wand of clouds (13)
 P - a wand of acid (17)
 R - a wand of enslavement (13)
 U - a wand of scattershot (3)
 X - a wand of paralysis (44)
 Y - a wand of polymorph (51)
Scrolls
 e - 13 scrolls of enchant armour
 i - 12 scrolls of fear
 j - 11 scrolls of immolation
 l - 9 scrolls of magic mapping
 p - 10 scrolls of enchant weapon
 q - 6 scrolls of silence
 r - 18 scrolls of teleportation
 w - 9 scrolls of fog
 G - 35 scrolls of remove curse
 L - a scroll of brand weapon
 Q - 17 scrolls of identify
Potions
 a - 6 potions of haste
 b - 4 potions of agility
 d - 20 potions of curing
 g - 6 potions of magic
 h - 7 potions of resistance
 m - 20 potions of brilliance
 o - 2 potions of might
 s - 6 potions of berserk rage
 t - 7 potions of ambrosia
 x - 3 potions of cancellation
 I - 6 potions of flight
 Z - 5 potions of heal wounds
Miscellaneous
 C - the horn of Geryon
 K - 3 phantom mirrors
 T - 3 boxes of beasts
Comestibles
 f - 40 rations


   Skills:
 - Level 26.0(25.8) Fighting
 - Level 25.0(24.8) Long Blades
   Level 4.3(4.2) Polearms
 - Level 4.0(3.9) Throwing
 * Level 23.2(23.0) Armour
 - Level 18.1(17.9) Dodging
 - Level 16.2(16.1) Shields
 - Level 13.0(12.8) Spellcasting
 - Level 13.1(12.9) Conjurations
 - Level 10.0(9.8) Charms
 - Level 12.0(11.8) Summonings
 - Level 15.1(15.0) Necromancy
 - Level 11.0(10.9) Translocations
 - Level 13.8(13.7) Air Magic
 - Level 13.1(12.9) Earth Magic
 - Level 18.0(17.8) Invocations
 - Level 13.6(13.4) Evocations


You had one spell level left.
You knew the following spells:

 Your Spells              Type           Power        Failure   Level  Hunger
a - Lee's Rapid Deconstr  Erth           ###.......   13%         5    #####..
b - Blink                 Tloc           N/A          1%          2    None
c - Teleport Other        Tloc           ###.....     3%          3    ##.....
d - Swiftness             Chrm/Air       ###.....     1%          2    None
e - Summon Forest         Summ/Tloc      ###.......   26%         5    #####..
f - Leda's Liquefaction   Hex/Erth       ##........   58%         4    ####...
g - Song of Slaying       Chrm           ###.....     2%          2    None
h - Regeneration          Chrm/Necr      ###.......   1%          3    ##.....
i - Airstrike             Air            ###.......   3%          4    ####...
j - Lightning Bolt        Conj/Air       ###.......   12%         5    #####..
k - Borgnjor's Vile Clut  Necr/Erth      ###.......   9%          5    #####..
l - Shadow Creatures      Summ           N/A          77%         6    #######
m - Aura of Abjuration    Summ           ###.......   22%         5    #####..


Dungeon Overview and Level Annotations

Branches:
Dungeon (15/15)            Temple (0/1) D:5            Lair (6/6) D:8
 Shoals (4/4) Lair:4        Snake (4/4) Lair:4        Slime (5/5) Lair:6
    Orc (2/2) D:10            Elf (3/3) Orc:2        Vaults (5/5) D:14
  Crypt (3/3) Vaults:2       Tomb (1/3) Crypt:3      Depths (5/5) D:15
   Hell (1/1)                 Dis (4/7) Hell            Geh (7/7) Hell
    Coc (0/7) Hell            Tar (0/7) Hell            Zot (3/5) Depths:5

Altars:
Ashenzari
Elyvilon
Makhleb
Nemelex Xobeh
Okawaru
Qazlal
Trog
Yredelemnul
Zin
The Shining One
Beogh

Shops:
D:4 *   D:6 ?   D:7 !!(!   D:9 [   D:12 [   Orc:2 ![[(   Elf:1 (:   Elf:2 :
Snake:4 *   Vaults:1 [   Vaults:3 *   Vaults:5 }

Portals:
Hell: Depths:1 Depths:2 Depths:3 Depths:5
Abyss: Depths:2 Depths:3
Pandemonium: Depths:1 Depths:3


Innate Abilities, Weirdness & Mutations

You have a pair of large horns on your head.
You are completely covered in thin metallic scales. (AC +4, rElec)
You are completely covered in sharp spines.
Your magical and physical power is greatly enhanced at high health.
When hurt, damage is shared between your health and your magic reserves.
You regenerate magic rapidly.
When low on magic, you restore magic in place of health.
You have sharp toenails.
You have an uncontrollable temper.
You are very clumsy. (Dex -4)
Armour fits poorly on your strangely shaped body.
Your body often deteriorates upon taking damage.
You are very dopey. (Int -4)
Your flesh is heat resistant. (rF+)
You are extremely frail. (-30% HP)
Your magical capacity is very low. (-20% MP)
You are resistant to hostile enchantments. (MR+)
You frequently scream uncontrollably at your foes.
You are covered in fur. (AC +1)
You are often teleported next to monsters.
You are very weak. (Str -4)
Potions cannot restore your health.
Your spells are a little easier to cast, but a little less powerful.
You expend magic power (3 MP) to strengthen your wands.


Message History

The greater mummy casts a spell.
You block the greater mummy's attack.
The emperor scorpion stings you but does no damage.
The emperor scorpion claws you but does no damage.
The emperor scorpion completely misses you.
You block the emperor scorpion's attack.
The emperor scorpion closely misses you.
The emperor scorpion claws you but does no damage.
You block the emperor scorpion's attack.
The emperor scorpion claws you but does no damage.
The emperor scorpion completely misses you.
A greater mummy comes into view.
As you read the scroll of teleportation, it crumbles to dust.
You feel strangely unstable.
The greater mummy is struck by your spines.
The greater mummy hits you but does no damage.
The emperor scorpion stings you but does no damage.
The emperor scorpion claws you.
You die...
Your body rises from the dead as a mindless zombie.

..... #.. ..
#..M #..
#..##########
#..
#..#.......>#
#..
#..#...Z.3Z.#
#..
#..#..####VM#
#.. #..# #§.#
#.. #ss# #..#
#..
#.@#######.W#
#..


#ssMs..sMW..# #.. #.sMs...s§./# #.. ############# #.. #.. #.. #.. #.. #.. You
could see 4 greater mummies, 9 emperor scorpions and a wraith.

Vanquished Creatures
  the Royal Jelly (Slime:5)
  Gloorx Vloq (Pan)
  Lom Lobon (Pan)
  2 juggernauts
  An ancient lich (Abyss:2)
  3 greater mummies (Tomb:1)
  Saint Roka (Vaults:1)
  A caustic shrike (Depths:5)
  A curse toe (Zot:3)
  Geryon (Hell)
  Nikola (Elf:3)
  5 golden dragons
  3 profane servitors
  21 bone dragons
  Jorgrun (Vaults:5)
  4 iron giants
  2 hellephants (Abyss:2)
  6 electric golems
  14 liches
  32 Brimstone Fiends
  2 Hell Sentinels
  An Ice Fiend (Zig:4)
  13 tentacled monstrosities
  A pandemonium lord (Pan)
  6 titans
  5 quicksilver dragons
  10 acid blobs
  7 sphinxes
  Murray (Depths:3)
  3 death cobs
  6 eldritch tentacles
  11 ancient champions
  82 tentacled starspawn
  22 Executioners
  2 draconian monks (Zot:1)
  Kirke (Snake:1)
  3 tengu reavers
  9 storm dragons
  5 shadow dragons
  4 revenants
  10 azure jellies
  A nagaraja (Snake:4)
  A daeva (Abyss:2)
  14 fire giants
  Louise (Elf:3)
  20 cacodemons
  2 iron dragons
  2 deep elf sorcerers
  5 frost giants
  2 black suns (Pan)
  A draconian knight (Depths:5)
  3 draconian scorchers
  2 draconian shifters
  7 deep elf elementalists
  23 reapers
  3 angels
  2 warmongers (Pan)
  A juggernaut zombie (Crypt:1)
  11 vault wardens
  2 curse skulls (Pan)
  8 ghouls (Crypt:3)
  A ghost moth (Abyss:3)
  4 spriggan defenders
  41 balrugs
  4 war gargoyles
  11 ironheart preservers
  6 draconian stormcallers
  A blood saint (Pan)
  4 caustic shrike skeletons (Depths:2)
  5 draconian annihilators
  2 ophanim
  12 very ugly things
  An entropy weaver (Vaults:3)
  10 vampire knights
  11 stone giants
  A corrupter (Pan)
  9 green draconians
  Azrael (Elf:1)
  7 black draconians
  5 red draconians
  5 white draconians
  7 deep elf demonologists
  11 lorocyprocas
  A dire elephant (Depths:2)
  10 purple draconians
  7 yellow draconians
  3 deep elf annihilators
  11 eidola
  14 green deaths
  7 deep elf death magi
  7 ettins
  A mummy priest (Crypt:3)
  13 blizzard demons
  6 quicksilver dragon zombies
  2 merfolk impalers (Shoals:4)
  9 jiangshi
  5 ice dragons
  6 death oozes
  4 deep elf high priests (Vaults:5)
  8 fire dragons
  13 naga warriors
  5 yaktaur captains
  18 rakshasas
  4 hydras
  6 quicksilver dragon skeletons
  4 spriggan air magi
  3 juggernaut simulacra
  24 vault guards (Vaults:5)
  15 great orbs of eyes
  A monstrous demonspawn (Pan)
  5 anacondas
  3 catoblepae
  5 centaur warriors
  3 hell beasts
  7 death knights
  An alligator (shapeshifter) (Abyss:2)
  31 two-headed ogres
  18 dancing weapons
  7 death scarabs (Tomb:1)
  13 death yaks
  13 ogre magi
  A tengu warrior (Depths:1)
  5 deep troll shamans
  98 hell hogs
  5 spriggan berserkers
  2 orc high priests
  8 vampire magi
  84 thrashing horrors
  8 titan zombies
  4 shock serpents
  15 deep elf knights
  7 storm dragon zombies
  32 soul eaters
  70 hell knights
  5 iron golems
  3 naga sharpshooters
  52 sun demons
  56 wretched stars
  3 fire crabs
  5 titan skeletons
  11 shadow wraiths
  36 slime creatures
  34 sixfirhies
  A salamander mystic (Snake:4)
  A quicksilver dragon simulacrum (Abyss:3)
  A golden dragon zombie (Dis:1)
  5 sea snakes
  7 storm dragon skeletons
  30 spatial maelstroms
  2 death drakes (Abyss:4)
  8 unseen horrors
  9 anaconda zombies
  6 torturous demonspawn (Pan)
  2 cherubim (Abyss:3)
  13 glowing orange brains
  52 skeletal warriors
  7 wizards
  26 flayed ghosts
  9 shadow dragon zombies
  3 ghost moth zombies
  227 large abominations
  7 shadow demons
  An infernal demonspawn (Pan)
  3 anaconda skeletons
  12 deep trolls
  8 spriggan druids
  9 orc knights
  5 golden dragon skeletons
  8 iron dragon zombies
  27 phantasmal warriors
  A lindwurm (Snake:4)
  A swamp dragon (Abyss:2)
  Pikel (D:4)
  An orange crystal statue (Zig:1)
  6 shadow dragon skeletons
  14 ironbrand convokers
  10 deep elf archers
  5 frost giant zombies
  3 wolf spider zombies
  7 harpies
  9 stone giant zombies
  5 manticores
  A faun (shapeshifter) (Vaults:5)
  2 mana vipers
  16 necromancers
  3 cyclopes
  3 orc sorcerers
  8 fire giant zombies
  6 shining eyes
  35 deep elf magi
  A moth of wrath (shapeshifter) (D:15)
  3 wolf spiders
  2 fauns (Shoals:2)
  9 iron dragon skeletons
  13 ugly things
  24 worldbinders
  11 moths of wrath
  7 salamanders
  14 molten gargoyles
  14 black mambas
  9 fire giant skeletons
  11 stone giant skeletons
  2 black mambas (shapeshifter)
  2 merfolk sirens
  6 dire elephant zombies
  12 apocalypse crabs
  20 rust devils
  7 ice statues
  A water nymph (Shoals:1)
  6 frost giant skeletons
  7 guardian serpents
  5 naga magi
  14 vault sentinels
  A shock serpent zombie (Abyss:2)
  3 dire elephant skeletons
  5 eyes of devastation
  77 smoke demons
  4 spiny frogs
  38 hellions
  27 orange demons
  A gargoyle (D:14)
  2 shock serpent skeletons
  2 centaur skeletons
  29 tormentors
  2 kobold demonologists
  A yellow draconian zombie (Crypt:2)
  34 efreet
  16 freezing wraiths
  A catoblepas zombie (Geh:6)
  2 emperor scorpion zombies
  24 hellwings
  5 guardian mummies
  2 komodo dragons
  18 ice devils
  A grey draconian skeleton (Crypt:2)
  27 yaktaurs
  A yaktaur (shapeshifter) (Vaults:5)
  11 demonic crawlers
  6 merfolk
  A spark wasp simulacrum (Depths:1)
  69 ancient zymes
  7 trolls
  6 harpy zombies
  53 red devils
  2 tengu conjurers (Depths:1)
  A jumping spider (shapeshifter) (Vaults:2)
  5 hydra zombies
  A meliai (shapeshifter) (Vaults:4)
  A shadow dragon simulacrum (Abyss:3)
  8 hydra skeletons
  2 wolf spider simulacra (Abyss:3)
  2 jumping spiders (Crypt:3)
  29 hornets
  A polar bear (Lair:6)
  2 wind drakes (Shoals:4)
  144 raiju
  2 blink frogs (shapeshifter) (Abyss:3)
  2 alligator zombies
  A hippogriff (shapeshifter) (Abyss:3)
  38 blink frogs
  6 ettin zombies
  5 harpy skeletons
  2 snapping turtles (Shoals:2)
  7 ice dragon zombies
  A stone giant simulacrum (Crypt:2)
  5 hippogriffs
  7 fire dragon zombies
  4 dream sheep
  54 ynoxinuls
  An air elemental (Zig:8)
  19 shadows
  4 black mamba zombies
  113 flying skulls
  10 ettin skeletons
  37 spriggans
  11 fire dragon skeletons
  A redback (shapeshifter) (Abyss:3)
  10 water elementals
  162 small abominations
  4 ice dragon skeletons
  A satyr skeleton (Crypt:1)
  3 ushabtiu
  15 fire bats
  2 black mamba skeletons (Pan)
  4 redbacks (Snake:3)
  44 wraiths
  A wyvern (D:8)
  7 humans (D:14)
  3 vampires
  45 fire elementals
  A golden eye (shapeshifter) (Depths:3)
  2 hogs (shapeshifter)
  A hog (Snake:1)
  A dire elephant simulacrum (Abyss:2)
  4 alligator skeletons
  50 chaos spawn
  23 yaks
  A fire bat (shapeshifter) (Abyss:2)
  34 golden eyes
  2 basilisks
  62 neqoxecs
  10 hungry ghosts
  20 insubstantial wisps
  A warg (shapeshifter) (Vaults:5)
  A merfolk zombie (Geh:3)
  A wind drake skeleton (Crypt:1)
  Menkaure (D:4)
  Edmund (D:6)
  14 nagas
  20 spatial vortices
  2 wargs
  9 water moccasins
  A soldier ant (shapeshifter) (Vaults:4)
  4 spiny frog zombies
  71 hell hounds
  8 porcupines
  3 merfolk skeletons
  A floating eye (Slime:5)
  3 sky beasts
  A black bear (Lair:6)
  24 orc warriors
  5 snapping turtle zombies
  9 eyes of draining
  A swamp dragon zombie (Geh:4)
  10 ice beasts
  A sky beast (shapeshifter) (Abyss:2)
  A slave (D:3)
  An ettin simulacrum (Zig:4)
  11 phantoms
  6 spiny frog skeletons
  A black mamba simulacrum (Abyss:3)
  An alligator simulacrum (Abyss:3)
  2 swamp dragon skeletons
  13 wolves
  A manticore zombie (Geh:7)
  22 ogres
  The ghost of vishdafish the Skirmisher, an amateur DsFi (D:3)
  11 boggarts
  24 necrophages
  5 centaurs
  9 crocodiles
  4 manticore skeletons
  4 snapping turtle skeletons
  A rime drake zombie (Crypt:2)
  8 big kobolds
  A bullfrog (shapeshifter) (Vaults:3)
  An elf skeleton (Crypt:2)
  5 earth elementals
  11 bullfrogs
  7 wyvern skeletons
  A troll zombie (Geh:5)
  7 scorpions
  A swamp dragon simulacrum (Abyss:3)
  90 wights
  15 killer bees
  A spriggan skeleton (Geh:7)
  A yak skeleton (Crypt:1)
  12 crimson imps
  A bullfrog zombie (D:13)
  A centaur zombie (D:5)
  6 lava snakes (Volcano)
  274 starcursed masses
  4 hounds
  38 iron imps
  Crazy Yiuf (D:3)
  A bullfrog skeleton (D:6)
  4 jellies
  A human zombie (Geh:5)
  17 orc priests
  32 quasits
  A demonspawn zombie (Crypt:2)
  5 gnoll shamans
  14 orc wizards
  2 iguanas
  2 human skeletons (Geh:6)
  A lightning spire (Zig:6)
  9 worker ants
  A porcupine skeleton (Crypt:2)
  A tengu zombie (Geh:5)
  A human simulacrum (Abyss:3)
  2 hound skeletons
  2 hound zombies
  5 mummies
  A worker ant zombie (D:8)
  51 gnolls
  12 adders
  10 shadow imps
  29 white imps
  23 ufetubi
  An ooze (Lair:6)
  A lava snake zombie (Crypt:2)
  2 dart slugs
  4 leopard geckos
  57 orcs
  5 bats
  8 giant cockroaches
  5 goblins
  2 hobgoblins (D:2)
  23 jackals
  9 kobolds
  7 quokkas
  A ball python (D:4)
  2 frilled lizards
  A gnoll skeleton (Crypt:2)
  A hobgoblin skeleton (Crypt:1)
  A kobold skeleton (Geh:7)
  A kobold zombie (Crypt:1)
  3 orc zombies
  A rat (D:1)
  3 crawling corpses (Vaults:5)
  3 fire vortices
  A lurking horror (Abyss:2)
  A plant (Shoals:3)
  71 starspawn tentacles
  A withered plant (Crypt:3)
5013 creatures vanquished.

Vanquished Creatures (collateral kills)
  2 ancient liches
  Sojobo (Depths:5)
  Boris (Vaults:5)
  2 caustic shrikes (Depths:5)
  2 golden dragons (Depths:5)
  the Enchantress (Depths:2)
  5 bone dragons
  A profane servitor (Abyss:1)
  6 Brimstone Fiends
  3 tentacled monstrosities
  An electric golem (Zot:1)
  2 Ice Fiends
  4 liches
  2 deep elf blademasters (Elf:3)
  A deep elf master archer (Elf:3)
  15 acid blobs
  A quicksilver dragon (Zot:1)
  Asterion (Snake:2)
  A titan (Depths:1)
  2 eldritch tentacles
  A death cob (Zot:1)
  An ancient champion (Hell)
  13 tentacled starspawn
  2 storm dragons
  Roxanne (Snake:1)
  2 revenants
  2 shadow dragons
  A draconian monk (Zot:1)
  A tengu reaver (Depths:5)
  5 nagarajas
  8 azure jellies
  Ilsuiw (Shoals:4)
  5 vault wardens
  3 fire giants
  3 deep elf sorcerers
  3 frost giants
  A corrupter (Pan)
  6 cacodemons
  3 curse skulls
  A draconian scorcher (Zot:1)
  4 deep elf elementalists
  Aizul (Snake:1)
  An emperor scorpion (Depths:2)
  6 balrugs
  An angel (Abyss:1)
  A warmonger (Pan)
  A ghoul (Crypt:3)
  2 caustic shrike skeletons (Depths:2)
  5 ironheart preservers
  6 stone giants
  2 draconian annihilators
  15 reapers
  An ophan (Abyss:3)
  7 very ugly things
  A vampire knight (Geh:3)
  2 blood saints (Pan)
  2 spriggan defenders (Depths:2)
  A green draconian (Zot:2)
  A deep elf demonologist (Elf:1)
  3 black draconians
  5 deep elf annihilators
  A white draconian (Zot:1)
  An entropy weaver (Vaults:3)
  A minotaur (Slime:5)
  2 purple draconians
  3 lorocyprocas
  2 red draconians
  5 eidola
  3 deep elf death magi (Elf:3)
  An ettin (Vaults:5)
  3 merfolk javelineers
  2 fire dragons
  3 death oozes (Slime:5)
  The ghost of Karim the Nimble, a journeyman GnAM of Ashenzari (Lair:4)
  3 merfolk impalers
  A quicksilver dragon zombie (Dis:1)
  2 green deaths (Pan)
  11 ogre magi
  5 blizzard demons
  3 deep elf high priests
  6 rakshasas
  7 great orbs of eyes
  Fannar (Lair:3)
  8 yaktaur captains
  6 naga warriors
  4 vault guards
  5 spriggan air magi
  6 ice dragons
  4 hydras
  5 centaur warriors
  9 merfolk aquamancers
  12 anacondas
  6 death yaks (Lair:6)
  3 merfolk avatars
  20 two-headed ogres
  10 dancing weapons
  A death knight (Crypt:2)
  A vampire mage (Depths:5)
  An alligator snapping turtle (Shoals:4)
  3 deep troll shamans
  3 deep troll earth magi
  3 tengu warriors
  2 orc high priests (Orc:2)
  12 hell hogs
  The ghost of Azzok the Fighter, a novice GrFi of Okawaru (D:9)
  6 spriggan berserkers
  The ghost of kal9871 the Carver, a journeyman SpSk of Gozag (Lair:1)
  2 titan zombies
  Urug (Lair:5)
  A titan skeleton (Geh:1)
  13 hell knights
  A soul eater (Depths:3)
  6 deep elf knights
  12 naga sharpshooters
  3 shock serpents
  14 thrashing horrors
  16 sun demons
  5 salamander mystics (Snake:4)
  3 spatial maelstroms
  2 shadow wraiths
  6 sixfirhies (Pan)
  3 storm dragon skeletons
  17 wretched stars
  4 skeletal warriors
  A spriggan druid (Depths:3)
  4 unseen horrors
  33 small abominations
  A death drake (Abyss:2)
  A golden dragon zombie (Geh:6)
  2 wizards
  2 flayed ghosts
  6 deep trolls
  9 sea snakes
  6 naga ritualists
  3 infernal demonspawn (Pan)
  3 lindwurms (Snake:4)
  2 glowing orange brains
  8 ironbrand convokers
  An anaconda skeleton (Abyss:1)
  5 orc knights
  A wolf spider zombie (Geh:4)
  10 deep elf archers
  18 harpies
  An orb spider (Abyss:3)
  3 iron dragon zombies
  A shadow dragon skeleton (Abyss:1)
  7 necromancers
  11 mana vipers
  6 orc sorcerers
  3 golden dragon skeletons
  27 deep elf magi
  4 cyclopes
  4 fauns (Shoals:2)
  2 wolf spiders
  9 manticores
  2 frost giant zombies
  6 shining eyes
  32 ugly things
  A glowing shapeshifter (Vaults:2)
  A moth of wrath (Zot:2)
  6 water nymphs
  3 worldbinders
  2 salamanders
  5 vault sentinels
  5 guardian serpents (Snake:4)
  An iron dragon skeleton (Geh:4)
  13 naga magi
  4 ice statues (Pan)
  A human skeleton (Vaults:3)
  3 frost giant skeletons
  5 merfolk sirens
  12 smoke demons
  7 apocalypse crabs
  27 black mambas
  2 eyes of devastation
  A stone giant skeleton (Geh:6)
  A water nymph (shapeshifter) (Depths:5)
  2 fire giant skeletons
  An eye of devastation (shapeshifter) (Depths:2)
  14 orange demons
  2 rust devils
  11 spiny frogs
  A shock serpent skeleton (Abyss:1)
  An emperor scorpion zombie (Geh:4)
  9 hellions
  8 komodo dragons
  13 yaktaurs
  A rime drake (shapeshifter) (D:13)
  2 rime drakes
  8 freezing wraiths
  3 tormentors
  2 dire elephant skeletons
  4 hellwings
  7 efreet
  2 spriggan skeletons
  12 ancient zymes
  A catoblepas skeleton (Geh:6)
  2 ice devils
  A polar bear (shapeshifter) (Vaults:4)
  2 polar bears
  3 trolls
  14 red devils
  A wind drake (shapeshifter) (Vaults:4)
  3 jumping spiders
  29 merfolk
  6 hornets
  66 slime creatures
  4 hydra skeletons
  An ettin zombie (Geh:1)
  8 snapping turtles
  14 blink frogs
  3 wind drakes
  46 raiju
  6 hippogriffs
  A stone giant simulacrum (Abyss:1)
  3 ice dragon zombies
  12 dream sheep
  3 fire dragon zombies
  2 black mamba zombies
  28 flying skulls
  A shadow (D:14)
  2 air elementals
  6 redbacks
  2 ice dragon skeletons
  2 ettin skeletons
  9 water elementals
  13 wraiths
  23 spriggans
  A vampire (Abyss:1)
  12 ynoxinuls
  A wyvern (Lair:5)
  2 hogs (Snake:1)
  14 humans (D:14)
  A basilisk (Lair:6)
  5 fire bats
  A black mamba skeleton (Geh:4)
  19 yaks
  7 fire elementals
  9 golden eyes
  9 neqoxecs
  3 chaos spawn
  A hungry ghost (D:9)
  48 large abominations
  20 nagas
  12 spatial vortices
  2 acid dragons (D:14)
  4 wargs
  A naga (shapeshifter) (Vaults:5)
  A spiny frog zombie (Geh:3)
  6 insubstantial wisps
  8 water moccasins
  18 hell hounds
  3 porcupines
  19 orc warriors
  2 sky beasts
  8 eyes of draining
  An eye of draining (shapeshifter) (Vaults:3)
  3 snapping turtle zombies
  An elf zombie (Elf:2)
  3 ice beasts
  2 manticore zombies
  4 necrophages
  15 ogres
  A phantom (Geh:4)
  3 centaurs
  13 wolves
  2 boggarts (Vaults:3)
  An elephant skeleton (Crypt:1)
  3 swamp dragon skeletons
  4 crocodiles
  4 big kobolds
  4 bullfrogs
  An earth elemental (Elf:3)
  A gnoll sergeant (Orc:2)
  2 wyvern skeletons (Crypt:3)
  A scorpion (D:11)
  A spriggan zombie (Depths:2)
  6 killer bees
  21 wights
  5 jellies
  An electric eel (Lair:6)
  3 crimson imps
  A bullfrog zombie (D:12)
  5 quasits
  8 iron imps
  35 starcursed masses
  A hound (D:11)
  12 orc wizards
  A human zombie (Crypt:3)
  7 orc priests
  A centaur skeleton (D:11)
  4 gnolls
  A shadow imp (D:12)
  4 white imps
  4 ufetubi (Abyss:2)
  An ooze (Lair:6)
  31 orcs
  A giant cockroach (Abyss:1)
  3 kobolds (D:12)
  A kobold skeleton (Geh:6)
  A kobold zombie (Geh:1)
  3 bushes
  3 crawling corpses
  42 fungi
  3 lurking horrors
  92 plants
  11 starspawn tentacles
  12 withered plants (Crypt:3)
1878 creatures vanquished.

Vanquished Creatures (others)
  Cerebov (Pan)
  A profane servitor (Depths:5)
  9 bone dragons
  A deep elf master archer (Elf:3)
  9 eldritch tentacles
  A storm dragon (Zig:8)
  A spectral angel (Pan)
  A caustic shrike zombie (Depths:5)
  25 ghouls
  A draconian stormcaller (Zot:1)
  23 vampire knights spectral
  Mnoleg (Pan)
  A blood saint (Pan)
  A deep elf demonologist (Elf:3)
  A red draconian (Zig:5)
  spectral Asmodeus (Vaults:5)
  A fire dragon (Zot:3)
  A deep elf high priest (Elf:3)
  A quicksilver dragon skeleton (Zot:1)
  A spectral daeva (Zot:1)
  An ogre mage (Vaults:4)
  4 hell hogs
  A naga sharpshooter (Snake:4)
  A spectral ophan (Abyss:3)
  A wretched star (Abyss:3)
  28 skeletal warriors
  A very ugly thing zombie (Depths:5)
  2 glowing orange brains
  A torturous demonspawn (Pan)
  2 anaconda zombies (Snake:4)
  31 flayed ghosts
  A wizard (Pan)
  A storm dragon skeleton (Zot:1)
  21 hell hog zombies
  A frost giant zombie (Vaults:5)
  28 phantasmal warriors
  4 draconian zombies (Zot:1)
  A fire giant zombie (Geh:7)
  A frost giant skeleton (Geh:7)
  2 moths of wrath (Zot:3)
  2 draconian skeletons (Zot:1)
  4 large abominations
  A shock serpent zombie (Snake:4)
  A hellion (Geh:7)
  4 smoke demons
  An orange demon (Abyss:3)
  A shock serpent skeleton (Snake:2)
  2 green draconian zombies
  A catoblepas zombie (Lair:6)
  A red draconian zombie (Zot:1)
  A tormentor (Abyss:2)
  A yaktaur zombie (Depths:3)
  2 yaktaurs
  4 death yak zombies
  A sea snake zombie (Shoals:4)
  A hellwing (Pan)
  A white draconian skeleton (Zot:1)
  A demonic crawler zombie (Pan)
  3 ghoul skeletons
  4 harpy zombies
  A merfolk (Shoals:1)
  2 moth of wrath zombies (Zot:1)
  A raiju (Abyss:2)
  4 guardian serpent zombies
  A fire dragon zombie (Geh:3)
  12 black mamba zombies
  16 flying skulls
  2 shadows
  2 fire dragon skeletons (Geh:3)
  A redback (shapeshifter) (Abyss:3)
  6 wraiths
  A wind drake zombie (Shoals:1)
  4 ynoxinuls
  34 vampires
  6 golden eyes
  6 spatial vortices (Abyss:3)
  3 two-headed ogre zombies
  2 tengu zombies (Depths:5)
  A two-headed ogre skeleton (Vaults:3)
  A water moccasin (Lair:6)
  4 spiny frog zombies
  A deep troll zombie (Depths:3)
  2 hell hounds
  11 elf zombies
  An orc warrior (Orc:2)
  2 hornet zombies
  A manticore zombie (D:14)
  2 dream sheep zombies
  A necrophage (Geh:3)
  A swamp dragon zombie (Geh:7)
  2 blink frog zombies (Lair:6)
  A centaur (D:15)
  A hog zombie (Snake:1)
  A salamander zombie (Snake:4)
  A hippogriff zombie (Lair:5)
  A hippogriff skeleton (Lair:6)
  A yaktaur skeleton (Vaults:4)
  An apocalypse crab zombie (Abyss:1)
  31 hell hound zombies
  2 cyclops zombies
  2 elf skeletons (Lair:6)
  A water moccasin skeleton (Lair:6)
  5 yak zombies (Lair:2)
  A water moccasin zombie (Lair:3)
  12 raiju zombies
  6 spriggan zombies (Depths:3)
  2 troll zombies
  A polar bear zombie (Lair:6)
  5 wights
  A yak skeleton (Lair:2)
  6 small abominations
  8 wolf zombies
  25 human zombies
  3 bullfrog zombies
  2 starcursed masses
  A quasit (Abyss:2)
  A black bear zombie (Lair:6)
  An orc priest (Elf:1)
  2 basilisk zombies (Lair:6)
  5 human skeletons
  An orc wizard (Orc:1)
  A porcupine zombie (Lair:2)
  2 killer bee zombies (D:12)
  A crocodile zombie (Lair:6)
  19 naga zombies
  3 ogre zombies
  5 necrophage skeletons
  3 naga skeletons
  2 mummies (D:8)
  2 white imps
  4 ufetubi
  12 ball lightnings (Pan)
  9 orcs
  4 gnoll zombies (Orc:2)
  4 orc skeletons (Lair:6)
  8 orc zombies
  2 bushes (Depths:2)
  A crawling corpse (Elf:3)
  3 fire vortices (Pan)
  6 fungi
  16 lurking horrors
  37 plants
  A snaplasher vine (Zot:3)
  174 starspawn tentacles
  10 withered plants (Crypt:3)
846 creatures vanquished.

Grand Total: 7737 creatures vanquished

Notes
Turn   | Place    | Note
-------+----------+-------------------------------------------
     0 | D:1      | vishdafish the Demonspawn Fighter began the quest for the Orb.
     0 | D:1      | Reached XP level 1. HP: 18/18 MP: 1/1
   364 | D:1      | Gained mutation: You are partially covered in sharp spines. [demonic ancestry]
   364 | D:1      | Reached XP level 2. HP: 24/24 MP: 2/2
   853 | D:2      | Reached XP level 3. HP: 29/29 MP: 3/3
  1328 | D:2      | Found a glowing silver altar of Zin.
  1468 | D:2      | Reached XP level 4. HP: 35/35 MP: 4/4
  1925 | D:3      | Noticed vishdafish's ghost (amateur DsFi)
  2209 | D:3      | Reached XP level 5. HP: 33/42 MP: 5/5
  2211 | D:3      | Killed vishdafish's ghost
  2695 | D:3      | Found a basalt altar of Yredelemnul.
  2716 | D:3      | Became a worshipper of Yredelemnul the Dark
  2870 | D:3      | Found a runed door.
  3044 | D:3      | Noticed Crazy Yiuf
  3049 | D:3      | Killed Crazy Yiuf
  3194 | D:4      | Noticed an ogre
  3291 | D:4      | Reached skill level 4 in Fighting
  3302 | D:4      | Reached XP level 6. HP: 45/48 MP: 6/6
  3309 | D:4      | Found an iron altar of Okawaru.
  3318 | D:4      | Reached skill level 1 in Invocations
  3343 | D:4      | Noticed Menkaure
  3351 | D:4      | Killed Menkaure
  3671 | D:4      | Gained mutation: When hurt, damage is shared between your health and your magic reserves. [demonic ancestry]
  3671 | D:4      | Reached XP level 7. HP: 39/54 MP: 7/9
  3973 | D:4      | Found Ducaryilai's General Store.
  3981 | D:4      | Bought a scroll of teleportation for 33 gold pieces
  3981 | D:4      | Bought a scroll of identify for 22 gold pieces
  3981 | D:4      | Bought a potion of berserk rage for 55 gold pieces
  4203 | D:4      | Noticed Pikel
  4218 | D:4      | Killed Pikel
  4218 | D:4      | Reached skill level 5 in Long Blades
  4218 | D:4      | Gained mutation: You have a pair of small horns on your head. [demonic ancestry]
  4218 | D:4      | Reached XP level 8. HP: 30/61 MP: 5/11
  4444 | D:4      | Reached skill level 5 in Invocations
  4610 | D:5      | Entered Level 5 of the Dungeon
  4649 | D:5      | Found a white marble altar of Elyvilon.
  4710 | D:5      | Found a burning altar of Makhleb.
  4710 | D:5      | Found a glowing golden altar of the Shining One.
  4718 | D:5      | Reached skill level 5 in Fighting
  4721 | D:5      | Found a stormy altar of Qazlal.
  4880 | D:5      | Got a pair of encrusted gloves
  4886 | D:5      | Identified the +1 pair of gloves of Melancholy {rPois rF+ Str+2} (You found it on level 5 of the Dungeon)
  4906 | D:5      | Reached * piety under Yredelemnul
  5031 | D:5      | Found a staircase to the Ecumenical Temple.
  5870 | D:6      | Reached skill level 5 in Armour
  5898 | D:6      | Reached skill level 5 in Shields
  5908 | D:6      | Gained mutation: You have a pair of horns on your head. [demonic ancestry]
  5908 | D:6      | Reached XP level 9. HP: 57/68 MP: 12/14
  5921 | D:6      | Found Akikaivi's Magic Scroll Shoppe.
  5932 | D:6      | Bought a scroll of remove curse for 30 gold pieces
  6217 | D:6      | Found a sparkling altar of Nemelex Xobeh.
  6384 | D:6      | Reached ** piety under Yredelemnul
  6724 | D:6      | Reached skill level 6 in Fighting
  6727 | D:6      | Reached skill level 1 in Dodging
  6768 | D:6      | Reached *** piety under Yredelemnul
  6780 | D:6      | Noticed Edmund
  6788 | D:6      | Killed Edmund
  7290 | D:7      | Found Zyoday's Distillery.
  7306 | D:7      | Received a gift from Yredelemnul (a mummy)
  7316 | D:7      | Reached XP level 10. HP: 59/76 MP: 11/16
  7321 | D:7      | Bought 2 potions of mutation for 240 gold pieces
  7404 | D:7      | Found Ureaf's Weapon Boutique.
  7555 | D:7      | Found Ifful's Distillery.
  7773 | D:7      | Found Naoll's Distillery.
  7880 | D:7      | Gained mutation: You are weak. (Str -2) [potion of mutation]
  7880 | D:7      | Gained mutation: You evolve. [potion of mutation]
  7880 | D:7      | Gained mutation: You have sharp toenails. [potion of mutation]
  7881 | D:7      | Lost mutation: You evolve. [potion of mutation]
  7881 | D:7      | Lost mutation: You have sharp toenails. [potion of mutation]
  7881 | D:7      | Gained mutation: You have sharp toenails. [potion of mutation]
  7881 | D:7      | Gained mutation: You tend to lose your temper in combat. [potion of mutation]
  7881 | D:7      | Gained mutation: Your mind is acute. (Int +2) [potion of mutation]
  7881 | D:7      | Gained mutation: Your flesh is heat resistant. (rF+) [potion of mutation]
  7882 | D:7      | Lost mutation: You are weak. (Str -2) [potion of mutation]
  7882 | D:7      | Lost mutation: You tend to lose your temper in combat. [potion of mutation]
  7882 | D:7      | Gained mutation: You occasionally shout uncontrollably at your foes. [potion of mutation]
  7882 | D:7      | Gained mutation: You are resistant to hostile enchantments. (MR+) [potion of mutation]
  7882 | D:7      | Gained mutation: Your flesh is cold resistant. (rC+) [potion of mutation]
  7895 | D:8      | Noticed a two-headed ogre
  7917 | D:8      | Killed a two-headed ogre
  8196 | D:8      | Reached skill level 5 in Dodging
  8458 | D:8      | Received a gift from Yredelemnul (a mummy)
  8699 | D:8      | Reached skill level 1 in Polearms
  8753 | D:8      | Reached **** piety under Yredelemnul
  8803 | D:8      | Received a gift from Yredelemnul (3 flying skulls)
  8834 | D:8      | Found a staircase to the Lair.
  9317 | D:9      | Noticed Azzok's ghost (novice GrFi)
  9327 | D:9      | Killed Azzok's ghost
  9374 | D:9      | Received a gift from Yredelemnul (a wraith)
  9376 | D:9      | Reached skill level 5 in Evocations
  9670 | D:9      | Found Plog's Antique Armour Shop.
  9673 | D:9      | Received a gift from Yredelemnul (a wraith)
  9674 | D:9      | Reached XP level 11. HP: 77/81 MP: 15/17
  9826 | D:10     | Entered Level 10 of the Dungeon
  9862 | D:10     | Found a shattered altar of Ashenzari.
 10020 | D:10     | Found a staircase to the Orcish Mines.
 10285 | D:10     | Noticed a two-headed ogre
 10305 | D:10     | Killed a two-headed ogre
 10365 | D:10     | Got a steaming glaive
 10375 | D:10     | Identified the +5 glaive "Adghygh" {drain, Int+4 SInv} (You found it on level 10 of the Dungeon)
 10837 | D:11     | Noticed a two-headed ogre
 10851 | D:11     | Killed a two-headed ogre
 10915 | D:11     | Reached ***** piety under Yredelemnul
 11283 | D:11     | Received a gift from Yredelemnul (5 flying skulls)
 11755 | Lair:1   | Entered Level 1 of the Lair of Beasts
 11895 | Lair:1   | Received a gift from Yredelemnul (3 flying skulls)
 11916 | Lair:1   | Noticed kal9871's ghost (journeyman SpSk)
 11927 | Lair:1   | Killed kal9871's ghost
 12142 | Lair:1   | Noticed a seven-headed hydra
 12146 | Lair:1   | Killed a seven-headed hydra
 12151 | Lair:1   | Reached XP level 12. HP: 60/89 MP: 15/18
 12156 | Lair:1   | Found a frozen archway.
 12165 | IceCv    | Entered an ice cave
 12389 | IceCv    | Received a gift from Yredelemnul (a wraith)
 12762 | IceCv    | Reached skill level 7 in Fighting
 13839 | Lair:2   | Noticed an eight-headed hydra
 13839 | Lair:2   | Noticed a six-headed hydra
 13883 | Lair:2   | Killed an eight-headed hydra
 13899 | Lair:2   | Killed a six-headed hydra
 14362 | Lair:3   | Noticed a four-headed hydra
 14378 | Lair:2   | Killed a four-headed hydra
 14642 | Lair:3   | Reached skill level 10 in Long Blades
 15045 | Lair:3   | Noticed a four-headed hydra
 15051 | Lair:3   | Killed a four-headed hydra
 15248 | Lair:3   | Noticed Fannar
 15266 | Lair:3   | Killed Fannar
 15436 | Lair:4   | Found a staircase to the Snake Pit.
 15436 | Lair:4   | Noticed Karim's ghost (journeyman GnAM)
 15763 | Lair:4   | Received a gift from Yredelemnul (a wraith)
 15773 | Lair:4   | Reached XP level 13. HP: 54/98 MP: 11/19
 15894 | Lair:4   | Found a dark tunnel.
 15900 | Volcano  | Entered a volcano
 16033 | Volcano  | Received a gift from Yredelemnul (a skeletal warrior)
 16162 | Volcano  | Found a bloodstained altar of Trog.
 16385 | Volcano  | Reached skill level 8 in Fighting
 16669 | Lair:4   | Found a staircase to the Shoals.
 16733 | Lair:4   | Killed Karim's ghost
 16779 | Lair:4   | Received a gift from Yredelemnul (a skeletal warrior)
 17696 | Lair:5   | Noticed Urug
 17706 | Lair:5   | Killed Urug
 18391 | Lair:6   | Entered Level 6 of the Lair of Beasts
 18494 | Lair:6   | Reached skill level 10 in Invocations
 18510 | Lair:6   | Found a staircase to the Slime Pits.
 18553 | Lair:6   | Reached ****** piety under Yredelemnul
 18571 | Lair:6   | Received a gift from Yredelemnul (2 flying skulls)
 18896 | Lair:6   | Got a spiked plate armour
 18907 | Lair:6   | Identified the +3 plate armour "Coud Kiu" {+Fly Str-4 Dex+2} (You found it on level 6 of the Lair of Beasts)
 19220 | Lair:6   | Received a gift from Yredelemnul (a skeletal warrior)
 19322 | Lair:6   | Gained mutation: You are partially covered in thin metallic scales. (AC +2) [demonic ancestry]
 19322 | Lair:6   | Reached XP level 14. HP: 85/106 MP: 16/22
 19654 | Orc:1    | Entered Level 1 of the Orcish Mines
 19720 | Orc:2    | Entered Level 2 of the Orcish Mines
 19730 | Orc:2    | Received a gift from Yredelemnul (a skeletal warrior)
 20021 | Orc:2    | Found a staircase to the Elven Halls.
 20048 | Orc:2    | Found Vevegiu's Weapon Emporium.
 20057 | Orc:2    | Received a gift from Yredelemnul (a ghoul)
 20094 | Orc:2    | Gained mutation: You are weak. (Str -2) [a neqoxec]
 20109 | Elf:1    | Entered Level 1 of the Elven Halls
 20611 | Orc:2    | Found Arer's Distillery.
 20618 | Orc:2    | Found Janwoum's Armour Shop.
 20621 | Orc:2    | Found Juojoy's Armour Shop.
 20705 | Orc:2    | Received a gift from Yredelemnul (a skeletal warrior)
 21139 | Orc:2    | Bought a potion of haste for 120 gold pieces
 21139 | Orc:2    | Bought a potion of might for 48 gold pieces
 21305 | Orc:1    | Found a roughly hewn altar of Beogh.
 21768 | D:12     | Found Moargh's Antique Armour Boutique.
 21863 | D:12     | Reached skill level 9 in Fighting
 22540 | D:13     | Received a gift from Yredelemnul (a bone dragon)
 22959 | D:13     | Found a portal to a secret trove of treasure.
 23233 | D:14     | Learned a level 2 spell: Shroud of Golubria
 23236 | D:14     | Learned a level 2 spell: Blink
 23240 | D:14     | Learned a level 3 spell: Teleport Other
 23336 | D:14     | Received a gift from Yredelemnul (a vampire)
 23343 | D:14     | Found a gate to the Vaults.
 23409 | D:14     | Received a gift from Yredelemnul (a flayed ghost)
 23943 | D:15     | Entered Level 15 of the Dungeon
 23950 | D:15     | Received a gift from Yredelemnul (a vampire)
 24688 | D:15     | Reached XP level 15. HP: 114/114 MP: 24/24
 24698 | D:15     | Received a gift from Yredelemnul (a ghoul)
 24764 | D:15     | Noticed a frost giant
 24774 | D:15     | Killed a frost giant
 24837 | D:15     | Found a staircase to the Depths.
 24850 | D:15     | Learned a level 2 spell: Swiftness
 25396 | Snake:1  | Entered Level 1 of the Snake Pit
 25405 | Lair:4   | Reached skill level 10 in Dodging
 26413 | Snake:1  | Noticed Kirke
 26420 | Snake:1  | Received a gift from Yredelemnul (a flayed ghost)
 26423 | Snake:1  | Killed Kirke
 26522 | Snake:1  | Reached skill level 10 in Fighting
 26645 | Snake:1  | Noticed Aizul
 26651 | Snake:1  | Killed Aizul
 26779 | Snake:1  | Noticed Roxanne
 26808 | Snake:1  | Killed Roxanne
 27324 | Snake:2  | Received a gift from Yredelemnul (a vampire)
 28177 | Snake:2  | Noticed Asterion
 28194 | Snake:2  | Killed Asterion
 28211 | Snake:2  | Received a gift from Yredelemnul (a skeletal warrior)
 28416 | Snake:3  | Noticed a nagaraja
 28424 | Snake:3  | Killed a nagaraja
 28513 | Snake:3  | Got a scorched scimitar
 28514 | Snake:3  | Identified the +2 scimitar of the Original Sin {speed, rC- rN+++ MR- MP+9} (You found it on level 3 of the Snake Pit)
 28686 | Snake:3  | Received a gift from Yredelemnul (a bone dragon)
 28915 | Snake:3  | Identified 3 scrolls of acquirement
 28927 | Snake:3  | Got a brightly glowing hat
 28933 | Snake:3  | Identified the -3 hat of Poor Excuses {rC+ MP+9} (You acquired it on level 3 of the Snake Pit)
 28944 | Snake:3  | Got a transparent triple crossbow
 28950 | Snake:3  | Identified the +7 triple crossbow of Ragnarok {elec, rPois MR- Str+2} (You acquired it on level 3 of the Snake Pit)
 29294 | Snake:4  | Entered Level 4 of the Snake Pit
 29789 | Snake:4  | Found Dacex's General Store.
 29824 | Snake:4  | Gained mutation: You are mostly covered in thin metallic scales. (AC +3) [demonic ancestry]
 29824 | Snake:4  | Reached XP level 16. HP: 115/124 MP: 25/25
 30240 | Snake:4  | Reached skill level 10 in Shields
 30248 | Snake:4  | Reached skill level 10 in Armour
 30292 | Snake:4  | Reached skill level 11 in Fighting
 30305 | Snake:4  | Received a gift from Yredelemnul (a bone dragon)
 30418 | Snake:4  | Received a gift from Yredelemnul (a bone dragon)
 30848 | Snake:4  | Got a serpentine rune of Zot
 31328 | Vaults:1 | Entered Level 1 of the Vaults
 31358 | Vaults:1 | Received a gift from Yredelemnul (a phantasmal warrior)
 31467 | Vaults:1 | Received a gift from Yredelemnul (a ghoul)
 31782 | Vaults:1 | Noticed Saint Roka
 31786 | Vaults:1 | Received a gift from Yredelemnul (a bone dragon)
 31818 | Vaults:1 | Killed Saint Roka
 32318 | Vaults:1 | Found Duthu's Armour Emporium.
 32882 | Vaults:2 | Gained mutation: You regenerate magic rapidly. [demonic ancestry]
 32882 | Vaults:2 | Reached XP level 17. HP: 132/132 MP: 26/26
 32974 | Vaults:2 | Received a gift from Yredelemnul (a bone dragon)
 33109 | Vaults:2 | Received a gift from Yredelemnul (a profane servitor)
 33132 | Vaults:2 | Reached skill level 15 in Long Blades
 33160 | Vaults:2 | You fall through a shaft!
 33160 | Vaults:3 | Found Ykyshrun's Assorted Antiques.
 33223 | Vaults:3 | Received a gift from Yredelemnul (a ghoul)
 33424 | Vaults:3 | Reached skill level 12 in Fighting
 33795 | Vaults:3 | Received a gift from Yredelemnul (a ghoul)
 33981 | Vaults:3 | Received a gift from Yredelemnul (a phantasmal warrior)
 34501 | Vaults:3 | Received a gift from Yredelemnul (a vampire knight)
 34509 | Vaults:3 | Reached XP level 18. HP: 141/141 MP: 27/27
 34699 | Vaults:3 | Received a gift from Yredelemnul (a skeletal warrior)
 36324 | Vaults:4 | Reached skill level 13 in Fighting
 37446 | Shoals:1 | Entered Level 1 of the Shoals
 37592 | Shoals:1 | Received a gift from Yredelemnul (a vampire)
 37850 | Shoals:1 | Received a gift from Yredelemnul (a vampire knight)
 38099 | Shoals:2 | Received a gift from Yredelemnul (a skeletal warrior)
 38225 | Shoals:2 | Received a gift from Yredelemnul (a vampire)
 38586 | Shoals:2 | Received a gift from Yredelemnul (a bone dragon)
 39030 | Shoals:3 | Received a gift from Yredelemnul (a vampire)
 39500 | Shoals:4 | Entered Level 4 of the Shoals
 39502 | Shoals:4 | Noticed Ilsuiw
 39512 | Shoals:4 | Gained mutation: You have a pair of large horns on your head. [demonic ancestry]
 39512 | Shoals:4 | Reached XP level 19. HP: 149/149 MP: 28/28
 39515 | Shoals:4 | Killed Ilsuiw
 39516 | Shoals:4 | Received a gift from Yredelemnul (a phantasmal warrior)
 39544 | Shoals:4 | Received a gift from Yredelemnul (a skeletal warrior)
 39602 | Shoals:4 | Received a gift from Yredelemnul (a ghoul)
 39789 | Shoals:4 | Got a barnacled rune of Zot
 39852 | Shoals:4 | Learned a level 5 spell: Summon Forest
 39857 | Shoals:4 | Learned a level 4 spell: Leda's Liquefaction
 40457 | Depths:1 | Entered Level 1 of the Depths
 40522 | Depths:1 | Found a gateway to Hell.
 41121 | Depths:1 | Noticed a juggernaut
 41135 | Depths:1 | Killed a juggernaut
 41135 | Depths:1 | Reached skill level 10 in Evocations
 41487 | Depths:1 | Received a gift from Yredelemnul (a flayed ghost)
 41570 | Depths:1 | Found a one-way gate leading to the halls of Pandemonium.
 42614 | Depths:2 | Received a gift from Yredelemnul (a flayed ghost)
 42651 | Depths:2 | Found a one-way gate to the infinite horrors of the Abyss.
 42937 | Depths:2 | Found a bloodstained altar of Trog.
 42953 | Depths:2 | Received a gift from Yredelemnul (a vampire)
 43424 | Depths:2 | Reached skill level 15 in Invocations
 43598 | Depths:2 | Received a gift from Yredelemnul (a phantasmal warrior)
 43979 | Depths:2 | Reached skill level 14 in Fighting
 44117 | Depths:2 | Gained mutation: You are mostly covered in sharp spines. [demonic ancestry]
 44117 | Depths:2 | Reached XP level 20. HP: 147/159 MP: 31/31
 44119 | Depths:2 | Noticed the Enchantress
 44140 | Depths:2 | Received a gift from Yredelemnul (a skeletal warrior)
 44149 | Depths:2 | Killed the Enchantress
 44216 | Depths:2 | Got faerie dragon scales
 44227 | Depths:2 | Identified the +4 faerie dragon scales {rPois rCorr Str-3 Dex+8 SInv} (You took it off the Enchantress on level 2 of the Depths)
 44650 | Depths:3 | Received a gift from Yredelemnul (a phantasmal warrior)
 44825 | Depths:3 | Found a gateway to a ziggurat.
 45085 | Depths:3 | Got a pair of warped gloves
 45087 | Depths:3 | Identified the +1 pair of gloves of Responsibility {rPois rC+++ Dex-5 SInv} (You found it on level 3 of the Depths)
 45931 | Depths:5 | Entered Level 5 of the Depths
 45945 | Depths:5 | Received a gift from Yredelemnul (a flayed ghost)
 45955 | Depths:5 | Noticed a golden dragon
 45964 | Depths:5 | Killed a golden dragon
 46009 | Depths:5 | Noticed a caustic shrike
 46009 | Depths:5 | Noticed a caustic shrike
 46012 | Depths:5 | Noticed a caustic shrike
 46019 | Depths:5 | Killed a caustic shrike
 46024 | Depths:5 | Killed a caustic shrike
 46027 | Depths:5 | Killed a caustic shrike
 46285 | Depths:5 | Noticed Sojobo
 46304 | Depths:5 | Killed Sojobo
 46674 | Depths:5 | Noticed a golden dragon
 46690 | Depths:5 | Killed a golden dragon
 46983 | Depths:5 | Noticed a golden dragon
 46991 | Depths:5 | Killed a golden dragon
 47001 | Depths:5 | Received a gift from Yredelemnul (a flayed ghost)
 47044 | Depths:5 | Found a gate to the Realm of Zot.
 47734 | Elf:1    | Noticed Azrael
 47743 | Elf:1    | Killed Azrael
 47743 | Elf:1    | Gained mutation: When low on magic, you restore magic in place of health. [demonic ancestry]
 47743 | Elf:1    | Reached XP level 21. HP: 166/166 MP: 33/33
 47747 | Elf:1    | Received a gift from Yredelemnul (a phantasmal warrior)
 48108 | Elf:1    | Found Omauppen's Antique Weapon Shoppe.
 48120 | Elf:1    | Received a gift from Yredelemnul (a ghoul)
 48133 | Elf:1    | Found Uqasur Ynnu's Book Emporium.
 48474 | Elf:1    | Received a gift from Yredelemnul (a ghoul)
 48831 | Elf:2    | Found a runed gate.
 48833 | Elf:2    | Found a runed gate.
 48834 | Elf:2    | Found a runed gate.
 48880 | Elf:2    | Found Qeriar's Book Boutique.
 49090 | Elf:2    | Received a gift from Yredelemnul (a flayed ghost)
 49289 | Elf:2    | Received a gift from Yredelemnul (a vampire)
 49866 | Elf:3    | Entered Level 3 of the Elven Halls
 49978 | Elf:3    | Reached skill level 15 in Fighting
 50521 | Elf:3    | Received a gift from Yredelemnul (a vampire knight)
 50560 | Elf:3    | Noticed Nikola
 50569 | Elf:3    | Killed Nikola
 50869 | Elf:3    | Noticed Louise
 50884 | Elf:3    | Killed Louise
 51334 | Elf:3    | Received a gift from Yredelemnul (a ghoul)
 51479 | Elf:3    | Identified the amulet "Hero's Friend" {Acrobat rC++ Int+2 SInv Stlth-} (You took it off a deep elf sorcerer on level 3 of the Elven Halls)
 51955 | Slime:1  | Entered Level 1 of the Pits of Slime
 52111 | Slime:1  | Received a gift from Yredelemnul (a bone dragon)
 52118 | Slime:1  | Gained mutation: You sometimes yell uncontrollably at your foes. [a shining eye]
 52501 | Slime:1  | Received a gift from Yredelemnul (a bone dragon)
 53651 | Slime:2  | Received a gift from Yredelemnul (a vampire knight)
 53788 | Slime:2  | Reached skill level 15 in Dodging
 53901 | Slime:2  | Received a gift from Yredelemnul (a vampire knight)
 55434 | Slime:4  | Gained mutation: You frequently scream uncontrollably at your foes. [a shining eye]
 55450 | Slime:4  | Received a gift from Yredelemnul (a skeletal warrior)
 55477 | Slime:4  | Gained mutation: You are completely covered in sharp spines. [demonic ancestry]
 55477 | Slime:4  | Reached XP level 22. HP: 151/175 MP: 35/35
 55723 | Slime:4  | Lost mutation: Your mind is acute. (Int +2) [a shining eye]
 55728 | Slime:4  | Gained mutation: You are clumsy. (Dex -2) [a shining eye]
 56628 | Slime:5  | Entered Level 5 of the Pits of Slime
 56635 | Slime:5  | Received a gift from Yredelemnul (a vampire)
 57046 | Slime:5  | Received a gift from Yredelemnul (a flayed ghost)
 57046 | Slime:5  | Noticed the Royal Jelly
 57055 | Slime:5  | Killed the Royal Jelly
 57117 | Slime:5  | Found the +6 Majin-Bo {vamp, Archmagi MP+6 Int+6}
 57120 | Slime:5  | Found the +4 dagger "Morg" {pain, MR+ Int+5}
 57121 | Slime:5  | Received a gift from Yredelemnul (a vampire)
 57165 | Slime:5  | Gained mutation: Your spells are a little easier to cast, but a little less powerful. [a shining eye]
 57249 | Slime:5  | Got a slimy rune of Zot
 57931 | Slime:3  | Lost mutation: You are weak. (Str -2) [potion of mutation]
 57931 | Slime:3  | Lost mutation: Your spells are a little easier to cast, but a little less powerful. [potion of mutation]
 57931 | Slime:3  | Gained mutation: Scrolls take you a little longer to read. [potion of mutation]
 57931 | Slime:3  | Gained mutation: You expend magic power (3 MP) to strengthen your wands. [potion of mutation]
 57931 | Slime:3  | Gained mutation: You are covered in fur. (AC +1) [potion of mutation]
 57931 | Slime:3  | Gained mutation: You evolve. [potion of mutation]
 58366 | Depths:2 | Voluntarily entered the Abyss.
 58534 | Abyss:1  | Gained mutation: Your flesh is very cold resistant. (rC++) [evolution]
 58721 | Abyss:1  | Received a gift from Yredelemnul (a profane servitor)
 59135 | Abyss:1  | Received a gift from Yredelemnul (a phantasmal warrior)
 59364 | Abyss:1  | Received a gift from Yredelemnul (a profane servitor)
 59433 | Abyss:1  | Received a gift from Yredelemnul (a vampire)
 59510 | Abyss:1  | Received a gift from Yredelemnul (a profane servitor)
 59544 | Abyss:1  | Reached skill level 16 in Fighting
 59795 | Abyss:1  | Gained mutation: Scrolls take you longer to read. [a shining eye]
 59800 | Abyss:1  | Received a gift from Yredelemnul (a skeletal warrior)
 59845 | Abyss:1  | Paralysed by accursed screaming for 1 turns
 59891 | Abyss:1  | Received a gift from Yredelemnul (a ghoul)
 60064 | Abyss:1  | Gained mutation: Your magical and physical power is slightly enhanced at high health. [demonic ancestry]
 60064 | Abyss:1  | Reached XP level 23. HP: 177/184 MP: 36/36
 60290 | Abyss:1  | Gained mutation: You are occasionally teleported next to monsters. [a neqoxec]
 60350 | Abyss:1  | Received a gift from Yredelemnul (a ghoul)
 60592 | Abyss:1  | Received a gift from Yredelemnul (a skeletal warrior)
 60731 | Abyss:1  | Paralysed by accursed screaming for 1 turns
 60735 | Abyss:1  | Paralysed by accursed screaming for 2 turns
 60840 | Abyss:1  | Received a gift from Yredelemnul (a ghoul)
 60923 | Abyss:1  | Gained mutation: Your spells are a little easier to cast, but a little less powerful. [a neqoxec]
 60971 | Abyss:1  | Received a gift from Yredelemnul (a flayed ghost)
 61233 | Abyss:1  | Received a gift from Yredelemnul (a vampire)
 61272 | Abyss:1  | Received a gift from Yredelemnul (a phantasmal warrior)
 61325 | Abyss:1  | Noticed an ancient lich
 61337 | Abyss:1  | Killed an ancient lich
 61495 | Abyss:1  | Received a gift from Yredelemnul (a phantasmal warrior)
 61498 | Abyss:1  | Found a corrupted altar of Lugonu.
 61573 | Abyss:1  | Received a gift from Yredelemnul (a ghoul)
 61610 | Abyss:1  | Gained mutation: Your magical capacity is low. (-10% MP) [a neqoxec]
 61653 | Abyss:1  | Received a gift from Yredelemnul (a flayed ghost)
 61725 | Depths:2 | Escaped the Abyss
 61809 | Zot:1    | Entered Level 1 of the Realm of Zot
 62154 | Depths:5 | Received a gift from Yredelemnul (a flayed ghost)
 62581 | D:13     | You paid a toll of +2 storm dragon scales to enter a treasure trove
 62582 | Trove    | Entered a treasure trove
 62670 | Trove    | Lost mutation: Scrolls take you longer to read. [potion of mutation]
 62670 | Trove    | Lost mutation: You are clumsy. (Dex -2) [potion of mutation]
 62670 | Trove    | Lost mutation: You are resistant to hostile enchantments. (MR+) [potion of mutation]
 62670 | Trove    | Gained mutation: You have razor-sharp toenails. [potion of mutation]
 62874 | D:7      | Bought a potion of mutation for 128 gold pieces
 62874 | D:7      | Bought 2 potions of heal wounds for 160 gold pieces
 62874 | D:7      | Bought 2 potions of curing for 96 gold pieces
 62874 | D:7      | Bought a potion of might for 64 gold pieces
 62874 | D:7      | Bought a potion of might for 64 gold pieces
 62874 | D:7      | Bought a potion of might for 64 gold pieces
 62874 | D:7      | Bought a potion of heal wounds for 80 gold pieces
 62932 | D:7      | Bought a potion of mutation for 96 gold pieces
 62932 | D:7      | Bought a potion of heal wounds for 60 gold pieces
 62932 | D:7      | Lost mutation: Your spells are a little easier to cast, but a little less powerful. [potion of mutation]
 62932 | D:7      | Gained mutation: You possess an exceptional clarity of mind. [potion of mutation]
 62933 | D:7      | Lost mutation: Scrolls take you a little longer to read. [potion of mutation]
 62933 | D:7      | Lost mutation: Your flesh is very cold resistant. (rC++) [potion of mutation]
 62933 | D:7      | Lost mutation: You expend magic power (3 MP) to strengthen your wands. [potion of mutation]
 62933 | D:7      | Gained mutation: Your spells are a little harder to cast, but a little more powerful. [potion of mutation]
 63743 | Zot:1    | Gained mutation: Your magical and physical power is enhanced at high health. [demonic ancestry]
 63743 | Zot:1    | Reached XP level 24. HP: 193/193 MP: 32/32
 63775 | Zot:1    | Received a gift from Yredelemnul (a ghoul)
 64911 | Zot:2    | Reached skill level 17 in Fighting
 66115 | Zot:2    | Lost mutation: Your magical capacity is low. (-10% MP) [evolution]
 66254 | Zig:1    | Entered Level 1 of a ziggurat
 66259 | Zig:1    | Received a gift from Yredelemnul (a phantasmal warrior)
 66298 | Zig:2    | Entered Level 2 of a ziggurat
 66334 | Zig:2    | Got a sparkling brass amulet
 66335 | Zig:2    | Identified the amulet "Hinly" {Regen+ Int+2} (You found it on level 2 of a ziggurat)
 66340 | Zig:3    | Entered Level 3 of a ziggurat
 66467 | Zig:4    | Entered Level 4 of a ziggurat
 66501 | Zig:4    | Identified Sif Muna's Volume of the Manifold Hells
 66809 | Zig:5    | Entered Level 5 of a ziggurat
 66815 | Zig:5    | Found the +8 glaive of the Guard {elec, +Rage AC+5 SInv}
 66826 | Zig:5    | Reached skill level 1 in Spellcasting
 66860 | Zig:5    | Reached skill level 5 in Spellcasting
 66860 | Zig:5    | Gained mutation: Your magical and physical power is greatly enhanced at high health. [demonic ancestry]
 66860 | Zig:5    | Reached XP level 25. HP: 188/201 MP: 36/36
 66876 | Zig:5    | Identified the ring "Vuec" {rF- Str+7 Stlth+} (You found it on level 5 of a ziggurat)
 66909 | Zig:6    | Entered Level 6 of a ziggurat
 67246 | Zig:7    | Entered Level 7 of a ziggurat
 67335 | Zig:7    | Got fine fire dragon scales
 67338 | Zig:7    | Identified the +6 fire dragon scales of the Duchess {rElec rF++ rC- rN+ rCorr} (You found it on level 7 of a ziggurat)
 67415 | Zig:7    | Gained mutation: You are completely covered in thin metallic scales. (AC +4, rElec) [demonic ancestry]
 67415 | Zig:7    | Reached XP level 26. HP: 208/208 MP: 36/36
 67417 | Zig:8    | Entered Level 8 of a ziggurat
 67473 | Zig:8    | Identified the Incunabulum of Boosts and Displacement
 67484 | Zig:8    | Learned a level 2 spell: Song of Slaying
 67661 | Hell     | Entered the Vestibule of Hell
 67661 | Hell     | Noticed Geryon
 67874 | Depths:3 | Reached skill level 10 in Spellcasting
 67906 | Hell     | Noticed Murray
 67909 | Depths:3 | Reached skill level 1 in Charms
 67910 | Depths:3 | Received a gift from Yredelemnul (a ghoul)
 68121 | Depths:3 | Killed Murray
 68612 | Hell     | Killed Geryon
 69109 | Hell     | Gained mutation: You are sometimes teleported next to monsters. [a cacodemon]
 69111 | Hell     | Reached skill level 5 in Charms
 69115 | Hell     | Gained mutation: Potions are less effective at restoring your health. [a cacodemon]
 69241 | Hell     | Received a gift from Yredelemnul (a phantasmal warrior)
 69580 | Hell     | Reached XP level 27. HP: 166/214 MP: 34/37
 69709 | Hell     | Found a gateway to the decaying netherworld of Tartarus.
 69794 | Hell     | Found a gateway to the freezing wastes of Cocytus.
 69918 | Hell     | Found a gateway to the ashen valley of Gehenna.
 69990 | Hell     | Found a gateway to the Iron City of Dis.
 70142 | Geh:1    | Entered Level 1 of Gehenna
 70164 | Geh:1    | Received a gift from Yredelemnul (a phantasmal warrior)
 70228 | Geh:1    | Gained mutation: Scrolls take you a little longer to read. [mutagenic glow]
 70242 | Geh:1    | Cast into level 5 of the Abyss (the power of Zot)
 70242 | Abyss:5  | Entered Level 5 of the Abyss
 70281 | Abyss:5  | Found a shattered altar of Ashenzari.
 70304 | Abyss:5  | Received a gift from Yredelemnul (a vampire)
 70380 | Abyss:5  | Received a gift from Yredelemnul (a vampire knight)
 70385 | Abyss:5  | Paralysed by accursed screaming for 1 turns
 70397 | Geh:1    | Escaped the Abyss
 70672 | Geh:1    | Received a gift from Yredelemnul (a ghoul)
 70856 | Geh:1    | Reached skill level 10 in Charms
 70890 | Geh:1    | Reached skill level 1 in Air Magic
 70891 | Geh:1    | Received a gift from Yredelemnul (a ghoul)
 71679 | Geh:1    | Reached skill level 5 in Air Magic
 71794 | Geh:2    | Received a gift from Yredelemnul (a vampire knight)
 71981 | Geh:2    | Received a gift from Yredelemnul (a vampire knight)
 71999 | Geh:2    | Reached skill level 1 in Translocations
 72398 | Geh:2    | Received a gift from Yredelemnul (a flayed ghost)
 72878 | Geh:2    | Reached skill level 5 in Translocations
 72972 | Geh:2    | Received a gift from Yredelemnul (a ghoul)
 73003 | Geh:2    | Lost mutation: Your flesh is cold resistant. (rC+) [potion of mutation]
 73003 | Geh:2    | Lost mutation: You frequently scream uncontrollably at your foes. [potion of mutation]
 73003 | Geh:2    | Gained mutation: You are robust. (+10% HP) [potion of mutation]
 73078 | Geh:3    | Received a gift from Yredelemnul (a ghoul)
 73086 | Geh:3    | Noticed an ancient lich
 73103 | Geh:3    | Killed an ancient lich
 73115 | Geh:3    | Received a gift from Yredelemnul (a phantasmal warrior)
 73218 | Geh:3    | Received a gift from Yredelemnul (a flayed ghost)
 73312 | Geh:3    | Received a gift from Yredelemnul (a phantasmal warrior)
 73381 | Geh:3    | Received a gift from Yredelemnul (a flayed ghost)
 73551 | Geh:3    | Received a gift from Yredelemnul (a skeletal warrior)
 73623 | Geh:3    | Reached skill level 10 in Translocations
 74233 | Geh:3    | Received a gift from Yredelemnul (a phantasmal warrior)
 74648 | Geh:4    | Reached skill level 1 in Summonings
 74755 | Geh:4    | Gained mutation: You are resistant to hostile enchantments. (MR+) [evolution]
 74790 | Geh:4    | Received a gift from Yredelemnul (a vampire knight)
 74803 | Geh:4    | Reached skill level 5 in Summonings
 74861 | Geh:4    | Received a gift from Yredelemnul (a phantasmal warrior)
 74975 | Geh:4    | Received a gift from Yredelemnul (a vampire knight)
 75389 | Geh:4    | Received a gift from Yredelemnul (a skeletal warrior)
 75850 | Geh:5    | Received a gift from Yredelemnul (a vampire)
 76083 | Geh:5    | Reached skill level 10 in Summonings
 76420 | Geh:5    | Received a gift from Yredelemnul (a vampire knight)
 76482 | Geh:5    | Received a gift from Yredelemnul (a flayed ghost)
 76526 | Geh:5    | Lost mutation: You are resistant to hostile enchantments. (MR+) [mutagenic glow]
 76752 | Geh:5    | Received a gift from Yredelemnul (a vampire)
 77039 | Geh:5    | Received a gift from Yredelemnul (a flayed ghost)
 77166 | Geh:5    | Reached skill level 1 in Earth Magic
 77274 | Geh:6    | Received a gift from Yredelemnul (a vampire knight)
 77286 | Geh:6    | Received a gift from Yredelemnul (a ghoul)
 77340 | Geh:6    | Received a gift from Yredelemnul (a vampire)
 77406 | Geh:6    | Paralysed by an eldritch tentacle for 2 turns
 77424 | Geh:6    | Reached skill level 5 in Earth Magic
 77440 | Geh:6    | Cast into level 3 of the Abyss (a lich)
 77440 | Abyss:3  | Found a corrupted altar of Lugonu.
 77595 | Abyss:3  | Paralysed by accursed screaming for 1 turns
 77752 | Abyss:3  | Received a gift from Yredelemnul (a phantasmal warrior)
 77942 | Abyss:3  | Received a gift from Yredelemnul (a phantasmal warrior)
 78117 | Abyss:3  | Received a gift from Yredelemnul (a flayed ghost)
 78193 | Abyss:3  | Received a gift from Yredelemnul (a skeletal warrior)
 78398 | Abyss:3  | Received a gift from Yredelemnul (a skeletal warrior)
 78405 | Abyss:3  | Found a glowing golden altar of the Shining One.
 78414 | Abyss:3  | Reached skill level 10 in Earth Magic
 78429 | Abyss:3  | Noticed a juggernaut
 78438 | Abyss:3  | Killed a juggernaut
 78442 | Abyss:3  | Got an abyssal rune of Zot
 78476 | Abyss:3  | Received a gift from Yredelemnul (a ghoul)
 78497 | Abyss:3  | Found a glowing golden altar of the Shining One.
 78531 | Abyss:3  | Received a gift from Yredelemnul (a vampire)
 78617 | Abyss:3  | Received a gift from Yredelemnul (a ghoul)
 78702 | Abyss:3  | Found a corrupted altar of Lugonu.
 78780 | Abyss:3  | Received a gift from Yredelemnul (a ghoul)
 78909 | Geh:6    | Escaped the Abyss
 79224 | Geh:6    | Received a gift from Yredelemnul (a vampire knight)
 79901 | Geh:7    | Entered Level 7 of Gehenna
 79948 | Geh:7    | Received a gift from Yredelemnul (a flayed ghost)
 80073 | Geh:7    | Reached skill level 10 in Air Magic
 80281 | Hell     | Upgraded the game from 0.22-a0-166-g5351223 to 0.22-a0-181-gb22368a
 80645 | Geh:7    | Received a gift from Yredelemnul (a skeletal warrior)
 80718 | Geh:7    | Received a gift from Yredelemnul (a skeletal warrior)
 80878 | Geh:7    | Noticed Asmodeus
 81049 | Geh:7    | Received a gift from Yredelemnul (a ghoul)
 81187 | Geh:7    | Received a gift from Yredelemnul (a phantasmal warrior)
 81847 | Elf:1    | Bought a book of Necromancy for 360 gold pieces
 81851 | Elf:1    | Learned a level 3 spell: Regeneration
 82137 | D:15     | Learned a level 4 spell: Airstrike
 82143 | D:15     | Learned a level 5 spell: Lightning Bolt
 82539 | Slime:5  | Learned a level 5 spell: Borgnjor's Vile Clutch
 82546 | Slime:5  | Learned a level 6 spell: Shadow Creatures
 83183 | Zot:3    | Reached skill level 1 in Conjurations
 83183 | Zot:3    | Reached skill level 1 in Necromancy
 83533 | Zot:3    | Reached skill level 5 in Necromancy
 83539 | Zot:3    | Received a gift from Yredelemnul (a skeletal warrior)
 83893 | Zot:3    | Reached skill level 5 in Conjurations
 84705 | Vaults:2 | Received a gift from Yredelemnul (a skeletal warrior)
 84763 | Vaults:2 | Found a staircase to the Crypt.
 85411 | Vaults:2 | Received a gift from Yredelemnul (a flayed ghost)
 85555 | Crypt:1  | Entered Level 1 of the Crypt
 86661 | Crypt:1  | Received a gift from Yredelemnul (a vampire knight)
 87292 | Crypt:2  | Reached skill level 10 in Necromancy
 87402 | Crypt:2  | Lost mutation: Your spells are a little harder to cast, but a little more powerful. [potion of mutation]
 87402 | Crypt:2  | Lost mutation: Potions are less effective at restoring your health. [potion of mutation]
 87402 | Crypt:2  | Gained mutation: You are agile. (Dex +2) [potion of mutation]
 87402 | Crypt:2  | Gained mutation: Your spells are a little harder to cast, but a little more powerful. [potion of mutation]
 87432 | Crypt:2  | Received a gift from Yredelemnul (a vampire knight)
 87621 | Crypt:2  | Received a gift from Yredelemnul (a vampire knight)
 87943 | Crypt:3  | Entered Level 3 of the Crypt
 88048 | Crypt:3  | Reached skill level 10 in Conjurations
 88048 | Crypt:3  | Received a gift from Yredelemnul (a vampire knight)
 88063 | Crypt:3  | Found a basalt altar of Yredelemnul.
 88134 | Crypt:3  | Received a gift from Yredelemnul (a skeletal warrior)
 88222 | Crypt:3  | Found the +0 mask of the Dragon {MR+ Slay+3 SInv}
 88273 | Crypt:3  | Identified the +7 arbalest of the Hand {freeze, rC+} (You took it off a skeletal warrior on level 3 of the Crypt)
 88283 | Crypt:3  | Received a gift from Yredelemnul (a phantasmal warrior)
 88350 | Crypt:3  | Found a staircase to the Tomb.
 88400 | Crypt:3  | Received a gift from Yredelemnul (a flayed ghost)
 89265 | Crypt:3  | Received a gift from Yredelemnul (a vampire knight)
 90008 | Orc:2    | Lost mutation: Scrolls take you a little longer to read. [evolution]
 91184 | Geh:7    | Gained mutation: You are weak. (Str -2) [mutagenic glow]
 91412 | Geh:7    | Killed Asmodeus
 91412 | Geh:7    | Enslaved Asmodeus
 91511 | Geh:7    | Got an obsidian rune of Zot
 91543 | Geh:7    | Gained mutation: Armour fits poorly on your strangely shaped body. [mutagenic glow]
 91556 | Geh:7    | Received a gift from Yredelemnul (a vampire)
 92143 | Vaults:5 | Entered Level 5 of the Vaults
 92363 | Vaults:5 | Your ally Asmodeus died
 92367 | Vaults:5 | Received a gift from Yredelemnul (a vampire knight)
 92424 | Vaults:5 | Found Afes's Gadget Shoppe.
 92460 | Vaults:5 | Identified the amulet of Xaapiyn {+Rage rF+ Dex+5} (You acquired it on level 5 of the Vaults)
 92499 | Vaults:5 | Received a gift from Yredelemnul (a vampire)
 92514 | Vaults:5 | Noticed Boris
 92515 | Vaults:5 | Received a gift from Yredelemnul (a vampire knight)
 92516 | Vaults:5 | Paralysed by a vampire knight for 7 turns
 92530 | Vaults:5 | Paralysed by a sphinx for 7 turns
 92591 | Vaults:5 | Noticed Jorgrun
 92602 | Vaults:5 | Killed Jorgrun
 92604 | Vaults:5 | Reached skill level 18 in Fighting
 92637 | Vaults:5 | Reached skill level 15 in Necromancy
 92710 | Vaults:5 | Received a gift from Yredelemnul (a skeletal warrior)
 92719 | Vaults:5 | Found Tuew's Food Shop.
 92772 | Vaults:5 | Killed Boris
 92821 | Vaults:5 | Bought a ration for 55 gold pieces
 92821 | Vaults:5 | Bought a ration for 55 gold pieces
 92821 | Vaults:5 | Bought a ration for 55 gold pieces
 92821 | Vaults:5 | Bought a ration for 55 gold pieces
 92821 | Vaults:5 | Bought a ration for 55 gold pieces
 92821 | Vaults:5 | Bought a ration for 55 gold pieces
 92821 | Vaults:5 | Bought a ration for 55 gold pieces
 92821 | Vaults:5 | Bought a ration for 55 gold pieces
 92821 | Vaults:5 | Bought a ration for 55 gold pieces
 92821 | Vaults:5 | Bought a ration for 55 gold pieces
 92821 | Vaults:5 | Bought a ration for 55 gold pieces
 93299 | Vaults:5 | Got a silver rune of Zot
 94061 | Pan      | Entered Pandemonium
 94088 | Pan      | Reached skill level 19 in Fighting
 94186 | Pan      | Noticed Mennas
 94186 | Pan      | Received a gift from Yredelemnul (a vampire)
 94197 | Pan      | Killed Mennas
 94197 | Pan      | Enslaved Mennas
 94247 | Pan      | Gained mutation: You are often teleported next to monsters. [a cacodemon]
 94293 | Pan      | Noticed Naoty the pandemonium lord
 94350 | Pan      | Killed Naoty the pandemonium lord
 94362 | Pan      | Received a gift from Yredelemnul (a phantasmal warrior)
 94531 | Pan      | Reached skill level 15 in Armour
 94534 | Pan      | Received a gift from Yredelemnul (a flayed ghost)
 94582 | Pan      | Got a demonic rune of Zot
 94806 | Pan      | Received a gift from Yredelemnul (a vampire)
 95066 | Pan      | Noticed Qoitikk the pandemonium lord
 95097 | Pan      | Identified the cursed +0 triple crossbow of Zin's Favour {venom, Str+6 Dex+6 Stlth-} (You found it in Pandemonium)
 95145 | Pan      | Received a gift from Yredelemnul (a skeletal warrior)
 95316 | Pan      | Entered the realm of Lom Lobon.
 95329 | Pan      | Received a gift from Yredelemnul (a phantasmal warrior)
 95730 | Pan      | Received a gift from Yredelemnul (a vampire)
 95808 | Pan      | Noticed Lom Lobon
 95818 | Pan      | Your ally Mennas died
 95866 | Pan      | Killed Lom Lobon
 95898 | Pan      | Got a magical rune of Zot
 96048 | Pan      | Entered the realm of Gloorx Vloq.
 96048 | Pan      | Noticed Gloorx Vloq
 96510 | Pan      | Found an exit through the horrors of the Abyss.
 96544 | Pan      | Received a gift from Yredelemnul (a vampire)
 97059 | Pan      | Lost mutation: You are often teleported next to monsters. [evolution]
 97689 | Pan      | Killed Gloorx Vloq
 97742 | Pan      | Got a dark rune of Zot
 97972 | Pan      | Entered the realm of Mnoleg.
 98122 | Pan      | Noticed Mnoleg
 98122 | Pan      | Gained mutation: Your body sometimes deteriorates upon taking damage. [a neqoxec]
 98123 | Pan      | Lost mutation: You possess an exceptional clarity of mind. [a neqoxec]
 98148 | Pan      | Lost mutation: Your spells are a little harder to cast, but a little more powerful. [a neqoxec]
 98240 | Pan      | Found an exit through the horrors of the Abyss.
 98261 | Pan      | Gained mutation: You are dopey. (Int -2) [a neqoxec]
 98263 | Pan      | Lost mutation: You are agile. (Dex +2) [a neqoxec]
 98264 | Pan      | Gained mutation: You are very weak. (Str -4) [a cacodemon]
 98321 | Pan      | Gained mutation: You are very dopey. (Int -4) [a cacodemon]
 98335 | Pan      | Gained mutation: You tend to lose your temper in combat. [a neqoxec]
 98337 | Pan      | Gained mutation: Your body often deteriorates upon taking damage. [a neqoxec]
 98340 | Pan      | Gained mutation: You are clumsy. (Dex -2) [a neqoxec]
 98355 | Pan      | Lost mutation: You are robust. (+10% HP) [a neqoxec]
 98358 | Pan      | Gained mutation: You are very clumsy. (Dex -4) [a cacodemon]
 98360 | Pan      | Lost mutation: You have razor-sharp toenails. [a neqoxec]
 98361 | Pan      | Gained mutation: You often lose your temper in combat. [a cacodemon]
 98365 | Pan      | Gained mutation: You are frail. (-10% HP) [a neqoxec]
 98371 | Pan      | Received a gift from Yredelemnul (a vampire knight)
 98435 | Pan      | Gained mutation: You are very frail. (-20% HP) [a cacodemon]
 98436 | Pan      | Gained mutation: Potions are less effective at restoring your health. [a cacodemon]
 98456 | Pan      | Killed Mnoleg
 98456 | Pan      | Enslaved Mnoleg
 98496 | Pan      | Got a glowing rune of Zot
 98553 | Pan      | Reached skill level 15 in Shields
 98559 | Pan      | Gained mutation: You are often teleported next to monsters. [a neqoxec]
 98588 | Pan      | Entered the realm of Cerebov.
 98593 | Pan      | Received a gift from Yredelemnul (a vampire)
 98936 | Pan      | Received a gift from Yredelemnul (a vampire)
 99039 | Pan      | Identified the +6 longbow of Hionez {freeze, rF- rN+++ MP-9} (You found it in Pandemonium)
 99109 | Pan      | Noticed Cerebov
 99366 | Pan      | Learned a level 5 spell: Lee's Rapid Deconstruction
 99832 | Pan      | Your ally Mnoleg died
100337 | Pan      | Received a gift from Yredelemnul (a vampire knight)
100390 | Pan      | Killed Cerebov
100430 | Pan      | Got a fiery rune of Zot
100724 | Pan      | Gained mutation: You expend magic power (3 MP) to strengthen your wands. [a neqoxec]
100748 | Pan      | Gained mutation: Your spells are a little easier to cast, but a little less powerful. [a cacodemon]
100762 | Pan      | Gained mutation: You are extremely frail. (-30% HP) [a cacodemon]
100849 | Pan      | Found an exit through the horrors of the Abyss.
100863 | Pan      | Took an exit into the Abyss.
100863 | Abyss:1  | Escaped into the Abyss
100876 | Abyss:1  | Received a gift from Yredelemnul (a vampire)
101025 | Depths:1 | Escaped the Abyss
101212 | Dis:1    | Entered Level 1 of the Iron City of Dis
101548 | Dis:1    | Received a gift from Yredelemnul (a vampire knight)
101936 | Dis:2    | Received a gift from Yredelemnul (a skeletal warrior)
102005 | Dis:2    | Reached skill level 20 in Fighting
102083 | Dis:4    | Found a huge runed gate.
102083 | Dis:4    | Found a huge runed gate.
102083 | Dis:4    | Found a huge runed gate.
102083 | Dis:4    | Found a huge runed gate.
102083 | Dis:4    | Found a huge runed gate.
102083 | Dis:4    | Found a huge runed gate.
102083 | Dis:4    | Found a huge runed gate.
102083 | Dis:4    | Found a huge runed gate.
102083 | Dis:4    | Found a huge runed gate.
102090 | Dis:4    | Found a huge runed gate.
102090 | Dis:4    | Found a huge runed gate.
102090 | Dis:4    | Found a huge runed gate.
102090 | Dis:4    | Found a huge runed gate.
102090 | Dis:4    | Found a huge runed gate.
102090 | Dis:4    | Found a huge runed gate.
102284 | Dis:4    | Received a gift from Yredelemnul (a ghoul)
102823 | Dis:4    | Received a gift from Yredelemnul (a flayed ghost)
102991 | Dis:4    | Reached skill level 21 in Fighting
103261 | Depths:2 | Voluntarily entered the Abyss.
103360 | Abyss:1  | Received a gift from Yredelemnul (a phantasmal warrior)
103384 | Abyss:1  | Paralysed by accursed screaming for 1 turns
103423 | Abyss:1  | Received a gift from Yredelemnul (a skeletal warrior)
103492 | Abyss:1  | Received a gift from Yredelemnul (a vampire knight)
103554 | Abyss:1  | Found a corrupted altar of Lugonu.
103634 | Abyss:1  | Received a gift from Yredelemnul (a vampire)
103774 | Abyss:1  | Received a gift from Yredelemnul (a vampire knight)
103957 | Abyss:1  | Received a gift from Yredelemnul (a flayed ghost)
104141 | Abyss:2  | Found a corrupted altar of Lugonu.
104451 | Abyss:2  | Received a gift from Yredelemnul (a vampire)
104613 | Abyss:2  | Received a gift from Yredelemnul (a phantasmal warrior)
104678 | Abyss:2  | Reached skill level 22 in Fighting
104960 | Abyss:2  | Received a gift from Yredelemnul (a skeletal warrior)
105138 | Abyss:2  | Received a gift from Yredelemnul (a vampire knight)
105258 | Abyss:2  | Lost mutation: You expend magic power (3 MP) to strengthen your wands. [evolution]
105258 | Abyss:2  | Lost mutation: You evolve. [end of evolution]
105393 | Abyss:2  | Received a gift from Yredelemnul (a flayed ghost)
105534 | Abyss:2  | Received a gift from Yredelemnul (a ghoul)
105697 | Abyss:2  | Received a gift from Yredelemnul (a skeletal warrior)
105744 | Abyss:2  | Found a corrupted altar of Lugonu.
105831 | Abyss:2  | Received a gift from Yredelemnul (a vampire knight)
106010 | Abyss:2  | Reached skill level 23 in Fighting
106049 | Abyss:2  | Received a gift from Yredelemnul (a skeletal warrior)
106341 | Abyss:2  | Received a gift from Yredelemnul (a vampire)
106552 | Abyss:2  | Found a snail-covered altar of Cheibriados.
106602 | Abyss:2  | Found a snail-covered altar of Cheibriados.
106641 | Abyss:2  | Received a gift from Yredelemnul (a skeletal warrior)
106826 | Abyss:2  | Received a gift from Yredelemnul (a phantasmal warrior)
106850 | Abyss:2  | Paralysed by accursed screaming for 1 turns
106909 | Abyss:2  | Reached skill level 24 in Fighting
106975 | Abyss:2  | Received a gift from Yredelemnul (a phantasmal warrior)
107093 | Abyss:2  | Paralysed by accursed screaming for 2 turns
107175 | Abyss:2  | Received a gift from Yredelemnul (a flayed ghost)
107223 | Abyss:2  | Received a gift from Yredelemnul (a vampire)
107266 | Abyss:2  | Received a gift from Yredelemnul (a vampire)
107471 | Abyss:2  | Received a gift from Yredelemnul (a ghoul)
107618 | Abyss:2  | Received a gift from Yredelemnul (a vampire knight)
107659 | Abyss:2  | Paralysed by accursed screaming for 1 turns
107680 | Abyss:2  | Received a gift from Yredelemnul (a vampire knight)
107703 | Abyss:2  | Noticed an ancient lich
107714 | Abyss:2  | Killed an ancient lich
107757 | Abyss:2  | Reached skill level 25 in Fighting
107811 | Abyss:2  | Received a gift from Yredelemnul (a vampire knight)
108023 | Abyss:2  | Received a gift from Yredelemnul (a ghoul)
108116 | Abyss:2  | Received a gift from Yredelemnul (a skeletal warrior)
108174 | Abyss:2  | Received a gift from Yredelemnul (a ghoul)
108225 | Abyss:2  | Received a gift from Yredelemnul (a vampire knight)
108305 | Abyss:2  | Identified the ring of Sif Muna's Displeasure {+Blink rC++ Str+4} (You found it on level 2 of the Abyss)
108444 | Abyss:2  | Received a gift from Yredelemnul (a vampire knight)
108817 | Abyss:2  | Gained mutation: You have an uncontrollable temper. [a neqoxec]
108900 | Abyss:2  | Gained mutation: Potions are poor at restoring your health. [a neqoxec]
108906 | Abyss:2  | Received a gift from Yredelemnul (a flayed ghost)
108913 | Abyss:2  | Lost mutation: You are very dopey. (Int -4) [potion of mutation]
108913 | Abyss:2  | Lost mutation: Armour fits poorly on your strangely shaped body. [potion of mutation]
108913 | Abyss:2  | Lost mutation: You have an uncontrollable temper. [potion of mutation]
108913 | Abyss:2  | Gained mutation: You are resistant to hostile enchantments. (MR+) [potion of mutation]
109094 | Abyss:2  | Reached skill level 26 in Fighting
109097 | Abyss:2  | Received a gift from Yredelemnul (a ghoul)
109394 | Abyss:2  | Received a gift from Yredelemnul (a flayed ghost)
109593 | Abyss:2  | Received a gift from Yredelemnul (a ghoul)
109650 | Abyss:2  | Found a corrupted altar of Lugonu.
109685 | Abyss:2  | Received a gift from Yredelemnul (a phantasmal warrior)
109751 | Abyss:2  | Paralysed by accursed screaming for 1 turns
109817 | Abyss:2  | Received a gift from Yredelemnul (a phantasmal warrior)
109940 | Abyss:2  | Received a gift from Yredelemnul (a vampire)
110151 | Abyss:2  | Received a gift from Yredelemnul (a flayed ghost)
110485 | Abyss:2  | Received a gift from Yredelemnul (a phantasmal warrior)
110614 | Abyss:2  | Received a gift from Yredelemnul (a vampire knight)
110682 | Abyss:2  | Received a gift from Yredelemnul (a ghoul)
110804 | Abyss:2  | Received a gift from Yredelemnul (a ghoul)
110954 | Abyss:2  | Identified the +0 pair of boots of the Tarantula {MR+} (You acquired it on level 2 of the Abyss)
111078 | Abyss:2  | Found a blossoming altar of Fedhas.
111318 | Abyss:3  | Lost mutation: Your body often deteriorates upon taking damage. [a neqoxec]
111353 | Abyss:3  | Received a gift from Yredelemnul (a ghoul)
111391 | Abyss:3  | Received a gift from Yredelemnul (a phantasmal warrior)
111513 | Abyss:3  | Paralysed by accursed screaming for 1 turns
111528 | Abyss:3  | Received a gift from Yredelemnul (a vampire)
111803 | Abyss:3  | Paralysed by accursed screaming for 1 turns
111809 | Abyss:3  | Paralysed by accursed screaming for 1 turns
112134 | Abyss:3  | Received a gift from Yredelemnul (a skeletal warrior)
112173 | Abyss:3  | Received a gift from Yredelemnul (a vampire knight)
112186 | Abyss:3  | Found a corrupted altar of Lugonu.
112250 | Abyss:3  | Found a corrupted altar of Lugonu.
112284 | Abyss:3  | Gained mutation: You expend magic power (3 MP) to strengthen your wands. [a neqoxec]
112410 | Abyss:3  | Received a gift from Yredelemnul (a ghoul)
112410 | Abyss:3  | Received a gift from Yredelemnul (a flayed ghost)
112492 | Abyss:3  | Gained mutation: Your body often deteriorates upon taking damage. [a neqoxec]
112495 | Abyss:3  | Gained mutation: Potions cannot restore your health. [a neqoxec]
112589 | Abyss:3  | Found a basalt altar of Yredelemnul.
112590 | Abyss:3  | Found a snail-covered altar of Cheibriados.
112592 | Abyss:3  | Found a burning altar of Makhleb.
112592 | Abyss:3  | Found a white marble altar of Elyvilon.
112592 | Abyss:3  | Found a hazy altar of Hepliaklqana.
112592 | Abyss:3  | Found an ornate altar of the Wu Jian Council.
112595 | Abyss:3  | Found a radiant altar of Vehumet.
112595 | Abyss:3  | Found a sparkling altar of Nemelex Xobeh.
112595 | Abyss:3  | Found an ancient bone altar of Kikubaaqudgha.
112595 | Abyss:3  | Found a bloodstained altar of Trog.
112596 | Abyss:3  | Found a glowing silver altar of Zin.
112598 | Abyss:3  | Found an iron altar of Okawaru.
112598 | Abyss:3  | Found a stormy altar of Qazlal.
112598 | Abyss:3  | Found a deep blue altar of Sif Muna.
112600 | Abyss:3  | Found a shattered altar of Ashenzari.
112600 | Abyss:3  | Found a shadowy altar of Dithmenos.
112600 | Abyss:3  | Found a hide-covered altar of Uskayaw.
112600 | Abyss:3  | Found a shimmering altar of Xom.
112602 | Abyss:3  | Found an opulent altar of Gozag.
112602 | Abyss:3  | Found a shimmering altar of Xom.
112602 | Abyss:3  | Found a blossoming altar of Fedhas.
112931 | Abyss:3  | Gained mutation: You frequently scream uncontrollably at your foes. [a neqoxec]
112949 | Abyss:3  | Received a gift from Yredelemnul (a phantasmal warrior)
113180 | Abyss:3  | Found a corrupted altar of Lugonu.
113196 | Abyss:3  | Received a gift from Yredelemnul (a skeletal warrior)
113311 | Abyss:3  | Paralysed by accursed screaming for 1 turns
113317 | Abyss:3  | Received a gift from Yredelemnul (a skeletal warrior)
113439 | Abyss:3  | Received a gift from Yredelemnul (a ghoul)
113548 | Abyss:3  | Received a gift from Yredelemnul (a flayed ghost)
113717 | Abyss:3  | Gained mutation: Your magical capacity is low. (-10% MP) [a neqoxec]
113731 | Abyss:3  | Received a gift from Yredelemnul (a vampire knight)
113967 | Abyss:3  | Received a gift from Yredelemnul (a skeletal warrior)
113988 | Abyss:3  | Found a corrupted altar of Lugonu.
114043 | Abyss:3  | Found an opulent altar of Gozag.
114216 | Abyss:3  | Received a gift from Yredelemnul (a vampire knight)
114229 | Abyss:3  | Gained mutation: You are very dopey. (Int -4) [a neqoxec]
114534 | Abyss:3  | Received a gift from Yredelemnul (a ghoul)
114647 | Abyss:3  | Gained mutation: You have an uncontrollable temper. [a neqoxec]
114662 | Abyss:3  | Received a gift from Yredelemnul (a skeletal warrior)
114671 | Abyss:3  | Found a corrupted altar of Lugonu.
114805 | Abyss:3  | Received a gift from Yredelemnul (a skeletal warrior)
114942 | Abyss:3  | Received a gift from Yredelemnul (a vampire)
115080 | Abyss:3  | Gained mutation: Armour fits poorly on your strangely shaped body. [a cacodemon]
115187 | Abyss:3  | Paralysed by accursed screaming for 1 turns
115193 | Abyss:3  | Paralysed by accursed screaming for 1 turns
115199 | Abyss:3  | Received a gift from Yredelemnul (a vampire)
115516 | Abyss:3  | Received a gift from Yredelemnul (a flayed ghost)
115591 | Abyss:3  | Found a shimmering altar of Xom.
115655 | Abyss:3  | Found a hazy altar of Hepliaklqana.
115706 | Abyss:3  | Received a gift from Yredelemnul (a vampire knight)
115773 | Abyss:3  | Received a gift from Yredelemnul (a phantasmal warrior)
115816 | Abyss:3  | Found a corrupted altar of Lugonu.
115842 | Abyss:3  | Received a gift from Yredelemnul (a flayed ghost)
115854 | Abyss:3  | Received a gift from Yredelemnul (a vampire knight)
115903 | Abyss:3  | Received a gift from Yredelemnul (a vampire)
116035 | Abyss:3  | Received a gift from Yredelemnul (a flayed ghost)
116074 | Abyss:3  | Received a gift from Yredelemnul (a phantasmal warrior)
116195 | Abyss:3  | Received a gift from Yredelemnul (a vampire)
116285 | Abyss:3  | Received a gift from Yredelemnul (a skeletal warrior)
116474 | Abyss:3  | Received a gift from Yredelemnul (a flayed ghost)
116492 | Abyss:3  | Found a burning altar of Makhleb.
116510 | Abyss:3  | Paralysed by accursed screaming for 2 turns
116545 | Abyss:3  | Received a gift from Yredelemnul (a flayed ghost)
116669 | Abyss:3  | Found a burning altar of Makhleb.
116700 | Abyss:3  | Found a corrupted altar of Lugonu.
116831 | Abyss:3  | Received a gift from Yredelemnul (a vampire)
116979 | Abyss:4  | Found a corrupted altar of Lugonu.
117019 | Abyss:4  | Learned a level 5 spell: Aura of Abjuration
117222 | Abyss:4  | Gained mutation: Your magical capacity is very low. (-20% MP) [a neqoxec]
117685 | Depths:2 | Escaped the Abyss
118019 | D:7      | Bought 2 potions of curing for 72 gold pieces
118019 | D:7      | Bought 2 potions of flight for 72 gold pieces
118019 | D:7      | Bought a potion of curing for 36 gold pieces
118019 | D:7      | Bought a potion of magic for 96 gold pieces
118019 | D:7      | Bought a potion of might for 48 gold pieces
118019 | D:7      | Bought a potion of agility for 48 gold pieces
118038 | D:7      | Bought a potion of agility for 60 gold pieces
118038 | D:7      | Bought a potion of heal wounds for 75 gold pieces
118038 | D:7      | Bought a potion of resistance for 150 gold pieces
118038 | D:7      | Bought a potion of heal wounds for 75 gold pieces
118038 | D:7      | Bought a potion of might for 60 gold pieces
118038 | D:7      | Bought a potion of haste for 150 gold pieces
118038 | D:7      | Bought a potion of cancellation for 120 gold pieces
118038 | D:7      | Bought a potion of brilliance for 60 gold pieces
118461 | Crypt:3  | Identified the ring of the Philosopher {rElec rPois rN+ Int+2 Dex+3} (You took it off a skeletal warrior on level 3 of the Crypt)
118689 | Crypt:3  | Identified the ring of Tismiane {+Blink rN+ Dex+4 Slay-6} (You found it on level 3 of the Crypt)
119097 | Tomb:1   | Entered Level 1 of the Tomb of the Ancients
119132 | Tomb:1   | Noticed a greater mummy
119142 | Tomb:1   | Killed a greater mummy
119169 | Tomb:1   | Received a gift from Yredelemnul (a flayed ghost)
119324 | Tomb:1   | Noticed a greater mummy
119328 | Tomb:1   | Noticed a greater mummy
119332 | Tomb:1   | Killed a greater mummy
119337 | Tomb:1   | Noticed a greater mummy
119342 | Tomb:1   | Killed a greater mummy
119348 | Tomb:1   | HP: 11/255 [emperor scorpion[a greater mummy] (6)]
119351 | Tomb:1   | Noticed a greater mummy
119351 | Tomb:1   | HP: 1/170 [greater mummy/divine providence (7)]
119352 | Tomb:1   | Noticed a greater mummy
119353 | Tomb:1   | Noticed a greater mummy
119353 | Tomb:1   | Slain by an emperor scorpion

Vault maps used:
D:1:      minmay_arrival_four_houses, minmay_misc_feat_columns
D:2:      lemuel_crystal_altar, first_ration
D:3:      lemuel_doored_altar, uniq_crazy_yiuf_cottage
D:4:      okawaru_trees_1, serial_shops, shop, uniq_pikel, uniq_menkaure
D:5:      elyvilon_altar_4, grunt_temple_overflow_open, minmay_temple_entry_mist
D:6:      lemuel_castle_with_subvaults, kennysheep_mini_moat, serial_shops,
          shop, uniq_edmund
D:7:      serial_shops, shop, nicolae_shop_crystal, shop, shop
D:8:      minmay_lair_entry_grove, blue_anna_alchemist
D:9:      serial_shops, shop
D:10:     david_orc_1_choice, minmay_misc_feat_tiny, ashenzari_altar_1
D:12:     serial_shops, shop_statue
D:13:     nicolae_trove_entry_crystal
D:14:     grunt_vaults_entry_tiered, serial_glass, glass_columns_a,
          glass_columns_b
D:15:     grunt_enter_depths_snipers
Lair:1:   portal_ice_cave_entry_pillars_1
Lair:2:   beast_lair_carwin_9, serial_bayou_shore_b
Lair:3:   minivault_11, st_stairs_3, uniq_fannar
Lair:4:   shoals_dummy_entry, dummy_snake_entry, serial_forest,
          infiniplex_forest_split, infiniplex_forest_fountain,
          infiniplex_forest_lined_2, infiniplex_forest_zigzag_2,
          infiniplex_forest_lined_room_2, infiniplex_forest_lined_room_2,
          infiniplex_forest_lined_2, infiniplex_forest_lined_room_3,
          nicolae_volcano_entry_two_sided, minmay_holes
Lair:5:   uniq_urug
Lair:6:   grunt_lair_end_beastmaster, nicolae_slime_entry_slimehenge,
          st_stairs_4, serial_bayou_pond_b
Shoals:1: hangedman_shoal_volcano
Shoals:4: shoals_end_simple, shoal_ilsuiw
Snake:1:  uniq_asterion, uniq_kirke, uniq_roxanne, uniq_aizul
Snake:2:  serial_bayou_shore_a, grunt_megastairs_2
Snake:3:  spider_trap
Snake:4:  snake_pit_salamanders_mu, serial_shops, shop, st_stairs_1,
          nicolae_large_snake_swirl
Slime:2:  cheibrodos_slime_lost_civilization_10
Orc:1:    basic_altar
Orc:2:    st_orc_elflike
Elf:1:    minmay_elf_arrival_circle, orc_legates, minmay_shoptagon, uniq_azrael
Elf:2:    serial_shops, shop, fountainhead
Elf:3:    elf_hall_gauntlet_wide, uniq_nikola, uniq_louise
Vaults:1: hangedman_vaults_unwind, hangedman_vaults_snaps, v_rooms_3,
          ontoclasm_vaults_ring_square, v_misc_2, serial_shops,
          nicolae_shop_stone, uniq_saint_roka
Vaults:2: nicolae_vaults_windows_and_doors_thing, vaults_room_stairs_pillars,
          hangedman_vaults_restitches, v_pattern_4, grunt_vaults_hallway_long,
          minmay_crypt_entry_simple_sparse, nicolae_vaults_puzzle_piece,
          grunt_vaults_diagonal, nicolae_vaults_alarming,
          vaults_room_stairs_pillars, vaults_room_glass_cross
Vaults:3: vaults_room_ringed_pool, v_alt_pattern_5, v_rooms_2,
          nicolae_vaults_twisting_passages, nicolae_vaults_quartermaster,
          vaults_mumra_hexcomb, vaults_room_octagon, v_misc_13, v_misc_8,
          hangedman_vaults_hat, vaults_room_fancy_cross,
          ontoclasm_vaults_ring_large, nicolae_vaults_little_squares_4,
          hangedman_vaults_slice, serial_shops, nicolae_shop_overgrown_old_shop
Vaults:4: st_star, ontoclasm_vaults_pinch, nicolae_vaults_network_barrier,
          nicolae_vaults_network_s, v_misc_8, v_alt_pattern_6,
          grunt_vaults_hallway_short, v_alt_pattern_1,
          hangedman_vaults_stitches, vaults_room_grid, ontoclasm_vaults_fault,
          v_misc_25
Vaults:5: serial_shops, uniq_boris, uniq_jorgrun
Crypt:2:  hangedman_screamer
Crypt:3:  evilmike_haunted_forest
Depths:1: minmay_curly_fans, kennysheep_flooded_box, grunt_mini_vestibule,
          pan_entry, kennysheep_generic_room_9
Depths:2: spriggan_forest, hell_entry, abyss_entry
Depths:3: minmay_spriggan_fort, enter_ziggurat_d, hangedman_decor_points,
          pan_entry, hell_entry
Depths:4: abrahamwl_protected_by_tso_2, abyss_entry_crystal, hex_medium,
          hell_entry, infiniplex_staircase_hallway_doors
Depths:5: evilmike_zot_entry_hall, hell_entry,
          hangedman_abyss_or_decor_lesser_grid, minmay_stone_trees_small,
          nrook_loot_triangle, hex_tiny, uniq_sojobo
Dis:4:    kennysheep_iron_temple, door_vault
Geh:2:    hangedman_generic_boss_arena
Geh:3:    special_room
Geh:5:    grunt_megastairs_4
Geh:7:    geh_hangedman
Zot:1:    hangedman_zot_gyre
Zot:3:    minmay_elemental_castle, st_stairs_12, lemuel_golem_globe
Abyss:1:  bh_abyss_exit_choice
Abyss:2:  evilmike_abyss_exit_12, evilmike_abyss_exit_5
Abyss:3:  evilmike_abyss_exit_9,
          evilmike_nicolae_abyss_rune_betentacled_crabyss,
          hangedman_decor_peaks_small, guppyfry_abyss_exit_glass_guarded,
          hangedman_decor_lopped, hangedman_abyss_or_decor_passed
Abyss:4:  evilmike_abyss_exit_14
Abyss:5:  evilmike_abyss_exit_15, hangedman_eye_storm
Pan:      evilmike_mini_pan_T, nicolae_pan_sick_transit,
          nicolae_pan_sigil_uleosi, rand_demon_9, uniq_mennas_pan,
          nicolae_pan_mnolegish_1, grunt_pan_frozen_over,
          regret_index_pan_draining_boxed, nicolae_pan_mnolegish_1,
          nicolae_pan_hourglass, pan_blood_fountain_small,
          nicolae_pan_sigil_nadil, gammafunk_dig_for_victory,
          pan_blood_fountain, nicolae_pan_hourglass, lom_lobon_st,
          gloorx_vloq_st, nicolae_pan_mnolegish_5, mnoleg, pan_blood_fountain,
          cerebov_grunt_fire_and_steel, pan_blood_fountain_small,
          nicolae_pan_mnolegish_5, rand_demon_9, pan_blood_fountain_small
Zig:8:    ziggurat_pillar_centre_dead_trees
Trove:    trove_alchemists_storehouse
IceCv:    ice_cave_statue_garden_chambered
Volcano:  volcano_lake

Skill      XL: |  1  2  3  4  5  6  7  8  9 10 11 12 13 14 15 16 17 18 19 20 21 22 23 24 25 26 27 |
---------------+----------------------------------------------------------------------------------+-----
Long Blades    | 2 3 4 5 6 7 8 9 10 11 12 13 14 15 16 17 18 19 25 | 25.0
Armour         | 3 4 5 6 7 8 9 10 11 12 13 14 23 | 23.2
Shields        | 3 4 5 6 7 8 9 10 11 12 13 14 16 | 16.2
Fighting       | 4 5 6 7 8 9 10 11 12 13 14 15 16 17 26 | 26.0
Invocations    | 2 4 6 8 11 13 15 17 18 | 18.0
Dodging        | 4 6 7 8 9 10 11 12 13 14 15 16 17 18 | 18.1
Evocations     | 5 7 9 11 12 13 | 13.6
Polearms       | 3 4 |  4.3
Spellcasting   | 5 8 10 13 | 13.0
Charms         | 7 10 | 10.0
Air Magic      | 13 | 13.8
Translocations | 11 | 11.0
Summonings     | 12 | 12.0
Earth Magic    | 13 | 13.1
Conjurations   | 13 | 13.1
Necromancy     | 15 | 15.1
Throwing       | 4 |  4.0

Action                   |  1- 3 |  4- 6 |  7- 9 | 10-12 | 13-15 | 16-18 | 19-21 | 22-24 | 25-27 || total
-------------------------+-------+-------+-------+-------+-------+-------+-------+-------+-------++-------
Melee: Long sword        |    77 |    86 |   417 |   638 |   591 |       |       |       |       ||  1809
       Headbutt          |       |       |    79 |   173 |   365 |   367 |   597 |   701 |  3438 ||  5720
       Trident           |       |       |       |    85 |   116 |    54 |     3 |       |       ||   258
       Scimitar          |       |       |       |       |   368 |       |       |       |       ||   368
       Double sword      |       |       |       |       |    55 |   900 |  1402 |  1429 |  9055 || 12841
Throw: Throwing net      |       |       |       |     1 |       |       |       |       |     2 ||     3
 Cast: Regeneration      |       |       |       |       |       |       |       |       |   199 ||   199
       Song of Slaying   |       |       |       |       |       |       |       |       |   107 ||   107
       Airstrike         |       |       |       |       |       |       |       |       |    35 ||    35
       Lee's Rapid Decon |       |       |       |       |       |       |       |       |     9 ||     9
       Borgnjor's Vile C |       |       |       |       |       |       |       |       |     9 ||     9
       Blink             |       |       |       |       |       |       |       |       |     3 ||     3
       Summon Forest     |       |       |       |       |       |       |       |       |     3 ||     3
       Lightning Bolt    |       |       |       |       |       |       |       |       |     2 ||     2
       Shadow Creatures  |       |       |       |       |       |       |       |       |     1 ||     1
Invok: Animate Dead      |       |       |       |    40 |    85 |    64 |    66 |    28 |    64 ||   347
       Recall Undead Sla |       |       |       |     1 |     1 |     7 |    20 |    13 |    35 ||    77
       Enslave Soul      |       |       |       |       |       |       |       |     1 |     6 ||     7
       Drain Life        |       |       |       |       |       |       |       |       |    11 ||    11
 Abil: Evoke Invisibilit |       |       |       |       |     1 |       |       |       |     1 ||     2
       Evoke Blink       |       |       |       |       |       |       |       |       |     1 ||     1
Evoke: Wand              |       |       |       |    34 |    30 |    15 |     8 |    30 |    80 ||   197
       Lightning rod     |       |       |       |       |       |     1 |       |       |       ||     1
       Sack of spiders   |       |       |       |       |       |     1 |       |     2 |     1 ||     4
       Box of beasts     |       |       |       |       |       |       |       |     9 |     3 ||    12
       Horn of Geryon    |       |       |       |       |       |       |       |       |     2 ||     2
  Use: Potion            |       |     2 |       |     4 |       |     3 |     6 |    18 |    70 ||   103
       Scroll            |       |     1 |     2 |    11 |    19 |     2 |     5 |     9 |    83 ||   132
 Stab: Distracted        |       |       |       |     7 |    22 |    27 |    35 |    34 |    98 ||   223
       Paralysed         |       |       |       |       |    20 |       |       |       |    25 ||    45
       Confused          |       |       |       |       |     2 |       |     1 |       |     3 ||     6
       Sleeping          |       |       |       |       |       |       |    10 |     1 |       ||    11
       Invisible         |       |       |       |       |       |       |       |     1 |     3 ||     4
       Held in net/web   |       |       |       |       |       |       |       |       |     1 ||     1
  Eat: Chunk             |     1 |       |     9 |    18 |    27 |    24 |    23 |     1 |    45 ||   148
       Ration            |       |     2 |     2 |     8 |    15 |    10 |    16 |    14 |    60 ||   127
Armor: Scale mail        |    39 |    28 |   151 |   141 |    20 |       |       |       |       ||   379
       Chain mail        |       |       |       |       |   248 |   143 |    38 |       |       ||   429
       Fire dragon scale |       |       |       |       |       |       |    71 |       |   815 ||   886
       Acid dragon scale |       |       |       |       |       |       |   106 |   222 |    84 ||   412
       Gold dragon scale |       |       |       |       |       |       |       |       |  1268 ||  1268
Dodge: Dodged            |    21 |    25 |   128 |   229 |   341 |   352 |   686 |   976 |  4566 ||  7324
Block: Shield            |    43 |    32 |   235 |   439 |   616 |   645 |       |       |  3294 ||  5304
       Reflection        |       |       |       |     7 |    50 |    74 |    42 |     9 |    11 ||   193
       Other             |       |       |       |     8 |    13 |       |       |       |       ||    21
       Buckler           |       |       |       |       |       |    11 |   745 |   657 |  1874 ||  3287
       Rpst.: Long sword |     7 |     5 |    28 |    66 |    55 |       |       |       |       ||   161
       Scimitar          |       |       |       |       |    20 |       |       |       |       ||    20
       Double sword      |       |       |       |       |     4 |    70 |   120 |   143 |   788 ||  1125

Table legend:
 A = Spawn XP
 B = Non-spawn XP
 C = Spawn XP percentage of total XP
 D = Spawn monster count
 E = Non-spawn monster count
 F = Spawn count percentage of total count
 G = Total turns spent on level
                    A         B        C        D         E        F      G
               +---------+---------+-------+---------+---------+-------+---------
         Total |  772196 | 2701063 |  22.2 |    1490 |    5118 |  22.5 | 119353
               +---------+---------+-------+---------+---------+-------+---------
           D:1 |       0 |      21 |   0.0 |       0 |      10 |   0.0 |   934
           D:2 |       0 |     171 |   0.0 |       0 |      19 |   0.0 |  1228
           D:3 |       0 |     180 |   0.0 |       0 |      13 |   0.0 |  1105
           D:4 |       0 |    1279 |   0.0 |       0 |      19 |   0.0 |  1343
           D:5 |       0 |     896 |   0.0 |       0 |      24 |   0.0 |  1235
           D:6 |       0 |    2019 |   0.0 |       0 |      76 |   0.0 |  1058
           D:7 |       0 |    1256 |   0.0 |       0 |      28 |   0.0 |  1212
           D:8 |       0 |    3934 |   0.0 |       0 |      45 |   0.0 |  1694
           D:9 |       0 |    1349 |   0.0 |       0 |      25 |   0.0 |  1060
          D:10 |       0 |    2205 |   0.0 |       0 |      26 |   0.0 |  1558
          D:11 |       0 |    2596 |   0.0 |       0 |      27 |   0.0 |  1309
          D:12 |       0 |    4165 |   0.0 |       0 |      40 |   0.0 |  1138
          D:13 |       0 |    4635 |   0.0 |       0 |      24 |   0.0 |  1172
          D:14 |       0 |   13960 |   0.0 |       0 |      58 |   0.0 |  1404
          D:15 |       0 |   10783 |   0.0 |       0 |      38 |   0.0 |  1814
        Lair:1 |       0 |    7015 |   0.0 |       0 |      41 |   0.0 |  1077
        Lair:2 |       0 |    5429 |   0.0 |       0 |      21 |   0.0 |  1027
        Lair:3 |       0 |    5465 |   0.0 |       0 |      27 |   0.0 |  1461
        Lair:4 |       0 |    8019 |   0.0 |       0 |      27 |   0.0 |  2344
        Lair:5 |       0 |    2714 |   0.0 |       0 |      14 |   0.0 |   960
        Lair:6 |       0 |   22390 |   0.0 |       0 |      83 |   0.0 |  1367
      Shoals:1 |       0 |   10201 |   0.0 |       0 |      38 |   0.0 |   741
      Shoals:2 |       0 |   10933 |   0.0 |       0 |      40 |   0.0 |   921
      Shoals:3 |       0 |    4190 |   0.0 |       0 |      13 |   0.0 |   689
      Shoals:4 |       0 |   23291 |   0.0 |       0 |      67 |   0.0 |   623
       Snake:1 |       0 |   16242 |   0.0 |       0 |      36 |   0.0 |   706
       Snake:2 |       0 |   12742 |   0.0 |       0 |      32 |   0.0 |  1399
       Snake:3 |       0 |    4369 |   0.0 |       0 |      12 |   0.0 |   900
       Snake:4 |       0 |   40792 |   0.0 |       0 |      98 |   0.0 |  1696
       Slime:1 |       0 |   14553 |   0.0 |       0 |      32 |   0.0 |  1640
       Slime:2 |       0 |    8237 |   0.0 |       0 |      23 |   0.0 |  1312
       Slime:3 |       0 |    2688 |   0.0 |       0 |      13 |   0.0 |   556
       Slime:4 |       0 |   18247 |   0.0 |       0 |      33 |   0.0 |  1614
       Slime:5 |       0 |   49943 |   0.0 |       0 |      54 |   0.0 |   881
         Orc:1 |       0 |     912 |   0.0 |       0 |      18 |   0.0 |   475
         Orc:2 |       0 |    8784 |   0.0 |       0 |      51 |   0.0 |  2245
         Elf:1 |       0 |   23701 |   0.0 |       0 |      60 |   0.0 |  1148
         Elf:2 |       0 |   30590 |   0.0 |       0 |      56 |   0.0 |  1127
         Elf:3 |       0 |   34032 |   0.0 |       0 |      39 |   0.0 |  1764
      Vaults:1 |       0 |   28947 |   0.0 |       0 |      67 |   0.0 |  1778
      Vaults:2 |       0 |   38608 |   0.0 |       0 |      74 |   0.0 |  1337
      Vaults:3 |       0 |   67640 |   0.0 |       0 |     142 |   0.0 |  2250
      Vaults:4 |       0 |   53530 |   0.0 |       0 |      91 |   0.0 |  2152
      Vaults:5 |       0 |  145047 |   0.0 |       0 |     119 |   0.0 |  1303
       Crypt:1 |       0 |   35275 |   0.0 |       0 |      44 |   0.0 |  1602
       Crypt:2 |       0 |   34632 |   0.0 |       0 |      68 |   0.0 |   853
       Crypt:3 |       0 |   66443 |   0.0 |       0 |     115 |   0.0 |  2364
        Tomb:1 |       0 |   35685 |   0.0 |       0 |      27 |   0.0 |   256
      Depths:1 |       0 |   29367 |   0.0 |       0 |      37 |   0.0 |  2205
      Depths:2 |     435 |   57362 |   0.8 |       1 |     121 |   0.8 |  2957
      Depths:3 |       0 |   55798 |   0.0 |       0 |      99 |   0.0 |  2865
      Depths:4 |       0 |    3254 |   0.0 |       0 |       5 |   0.0 |   262
      Depths:5 |       0 |   72650 |   0.0 |       0 |      54 |   0.0 |  1795
          Hell |       0 |   41411 |   0.0 |       0 |      52 |   0.0 |  1977
         Dis:1 |       0 |   23027 |   0.0 |       0 |      54 |   0.0 |   556
         Dis:2 |       0 |   18430 |   0.0 |       0 |      28 |   0.0 |   370
         Dis:3 |       0 |    1551 |   0.0 |       0 |       3 |   0.0 |    72
         Dis:4 |       0 |   46064 |   0.0 |       0 |      78 |   0.0 |   778
         Geh:1 |       0 |   50566 |   0.0 |       0 |     115 |   0.0 |  1540
         Geh:2 |       0 |   56505 |   0.0 |       0 |     129 |   0.0 |  1089
         Geh:3 |       0 |   77951 |   0.0 |       0 |     144 |   0.0 |  1717
         Geh:4 |       0 |   41273 |   0.0 |       0 |      86 |   0.0 |   913
         Geh:5 |       0 |   76819 |   0.0 |       0 |     150 |   0.0 |  1806
         Geh:6 |       0 |   66969 |   0.0 |       0 |     132 |   0.0 |  1215
         Geh:7 |       0 |  135005 |   0.0 |       0 |     180 |   0.0 |  1593
         Zot:1 |       0 |   68123 |   0.0 |       0 |      55 |   0.0 |  1402
         Zot:2 |       0 |   29581 |   0.0 |       0 |      15 |   0.0 |  1721
         Zot:3 |       0 |   57232 |   0.0 |       0 |      33 |   0.0 |  1208
       Abyss:1 |  145553 |   67822 |  68.2 |     281 |     171 |  62.2 |  4401
       Abyss:2 |  205933 |  167630 |  55.1 |     429 |     439 |  49.4 |  7046
       Abyss:3 |  293693 |  218495 |  57.3 |     589 |     422 |  58.3 |  7259
       Abyss:4 |   36644 |   22000 |  62.5 |      69 |      37 |  65.1 |   708
       Abyss:5 |   19888 |      76 |  99.6 |      19 |       3 |  86.4 |   155
           Pan |   70050 |  232883 |  23.1 |     102 |     254 |  28.7 |  6802
         Zig:1 |       0 |    1319 |   0.0 |       0 |       4 |   0.0 |    44
         Zig:2 |       0 |    1641 |   0.0 |       0 |       3 |   0.0 |    42
         Zig:3 |       0 |    5620 |   0.0 |       0 |       3 |   0.0 |   127
         Zig:4 |       0 |    4406 |   0.0 |       0 |       5 |   0.0 |   342
         Zig:5 |       0 |    5668 |   0.0 |       0 |       5 |   0.0 |   100
         Zig:6 |       0 |    9178 |   0.0 |       0 |       8 |   0.0 |   337
         Zig:7 |       0 |   10188 |   0.0 |       0 |       9 |   0.0 |   171
         Zig:8 |       0 |   15343 |   0.0 |       0 |      11 |   0.0 |   212
         IceCv |       0 |    2959 |   0.0 |       0 |      11 |   0.0 |   869
       Volcano |       0 |    6162 |   0.0 |       0 |      16 |   0.0 |   763
               +---------+---------+-------+---------+---------+-------+---------
